Workbook

Sheet Planilha orçamentária
A1: PREFEITURA MUNICIPAL DE NOVA ERA Secretaria de Obras e Serviços Urbanos
A4: OBRA POR EXECUÇÃO INDIRETA
A5: Setor requisitante: Secretaria Municipal de Obras e Serviços Urbanos
A6: Objeto: | C6: Construção Condomínio (112 apartamentos) | G6: BDI: | H6: =BDI!J27 -> 0.28082487 | I6: =TODAY() -> 45075
A8: PLANILHA ORÇAMENTÁRIA
A9: Item | B9: Preço referência | C9: Fonte | D9: Descrição | E9: Qtde. | F9: Un. | G9: Preço unitário sem BDI | H9: Preço unitário com BDI | I9: P. Total
A10: 1 | D10: MOBILIZAÇÃO E DESMOBILIZAÇÃO
A11: 1.1 | B11: ED-50393 | C11: SETOP (JAN/2023) | D11: Mobilização e desmobilização de obra em centro urbano ou região limítrofe com valor acima de 3.000.000,00 | E11: ='Memória de Cálculo'!J18 -> 1 | F11: VB | G11: ='Memória de Cálculo'!H14 -> 17090.924 | H11: =G11*(1+$H$6) -> 21890.481 | I11: =H11*E11 -> 21890.481 | K11: =I11/$I$186 -> 0.0016632918
A12: SUB-TOTAL | I12: =SUM(I11) -> 21890.481
A13: 2 | D13: ADMINISTRAÇÃO LOCAL
A14: 2.1 | B14: ED-21769 | C14: SETOP (JAN/2023) | D14: Engenheiro civil de obra júnior com encargos complementares | E14: ='Memória de Cálculo'!J23 -> 10 | F14: MÊS | G14: 17118.65 | H14: =G14*(1+$H$6) -> 21925.993 | I14: =H14*E14 -> 219259.93 | K14: =I14/$I$186 -> 0.016659901
A15: 2.2 | B15: ED-21776 | C15: SETOP (JAN/2023) | D15: Encarregado geral de obras com encargos complementares | E15: ='Memória de Cálculo'!J27 -> 10 | F15: MÊS | G15: 7684.11 | H15: =G15*(1+$H$6) -> 9841.9992 | I15: =H15*E15 -> 98419.992 | K15: =I15/$I$186 -> 0.0074781898
A16: SUB-TOTAL | I16: =SUM(I14:I15) -> 317679.92
A17: 3 | D17: SERVIÇOS PRELIMINARES
A18: 3.1 | B18: ED-16660 | C18: SETOP (JAN/2023) | D18: Fornecimento e colocação de placa de obra em chapa galvanizada #26, esp. 0,45 mm, plotada com adesivo vinílico, afixada com rebites 4,8x40 mm, em estrutura metálica de metalon 20x20 mm, esp. 1,25 mm, inclusive suporte em eucalipto auto clavado pintado com tinta pva duas (2) demãos | E18: ='Memória de Cálculo'!J32 -> 4.5 | F18: M2 | G18: 308.96 | H18: =G18*(1+$H$6) -> 395.72365 | I18: =E18*H18 -> 1780.7564 | K18: =I18/$I$186 -> 0.00013530619
A19: 3.2 | B19: ED-50135 | C19: SETOP (JAN/2023) | D19: Barracão de obra, em chapa de compensado resinado, inclusive instalações sanitárias e mobiliário - padrão der-mg | E19: ='Memória de Cálculo'!J36 -> 50 | F19: M2 | G19: 551.51 | H19: =G19*(1+$H$6) -> 706.38773 | I19: =E19*H19 -> 35319.386 | K19: =I19/$I$186 -> 0.0026836526
A20: 3.3 | B20: ED-50151 | C20: SETOP (JAN/2023) | D20: Ligação provisória com entrada de energia aérea, padrão Cemig, carga instalada de 15,1KVA até 30KVA, trifásico, com saída subterrânea, inclusive poste, caixa para medidor, disjuntor, barramento, aterramento e acessórios | E20: ='Memória de Cálculo'!J40 -> 1 | F20: UN | G20: 1151.74 | H20: =G20*(1+$H$6) -> 1475.1772 | I20: =E20*H20 -> 1475.1772 | K20: =I20/$I$186 -> 0.00011208755
A21: 3.4 | B21: ED-50150 | C21: SETOP (JAN/2023) | D21: Ligação de água provisória para canteiro, inclusive hidrômetro e cavalete para medição de água - entrada principal, em aço galvanizado DN 20mm (1/2") - padrão concessionária | E21: ='Memória de Cálculo'!J44 -> 1 | F21: UN | G21: 371.31 | H21: =G21*(1+$H$6) -> 475.58308 | I21: =E21*H21 -> 475.58308 | K21: =I21/$I$186 -> 3.6135956e-05
A22: 3.5 | B22: ED-28530 | C22: SETOP (JAN/2023) | D22: Andaime em cavalete metálico para alvenaria, com chapa de compensado e tábua, com reaproveitamento, inclusive montagem/desmontagem e remanejamento | E22: 500 | F22: M | G22: 1.47 | H22: =G22*(1+$H$6) -> 1.8828126 | I22: =E22*H22 -> 941.40628 | K22: =I22/$I$186 -> 7.1530333e-05
A23: SUB-TOTAL | I23: =SUM(I18:I22) -> 39992.309
A24: 4 | D24: LOCAÇÃO DE OBRA
A25: 4.1 | B25: ED-17989 | C25: SETOP (JAN/2023) | D25: Locação de obra com gabarito de tábuas corridas pontaletadas a cada 2,00m, reaproveitamento (2x), inclusive acompanhamento de equipe topográfica para marcação de ponto topográfico | E25: ='Memória de Cálculo'!J59 -> 510.58 | F25: M | G25: 48.91 | H25: =G25*(1+$H$6) -> 62.645145 | I25: =E25*H25 -> 31985.358 | K25: =I25/$I$186 -> 0.0024303251
A26: SUB-TOTAL | I26: =SUM(I25:I25) -> 31985.358
A27: 5 | D27: MOVIMENTAÇÃO DE TERRA
A28: 5.1 | B28: ED-51107 | C28: SETOP (JAN/2023) | D28: Escavação manual de vala com profundidade menor ou igual a 1,5m | E28: ='Memória de Cálculo'!J65 -> 127.036 | F28: M3 | G28: 60.61 | H28: =G28*(1+$H$6) -> 77.630796 | I28: =E28*H28 -> 9861.9057 | K28: =I28/$I$186 -> 0.00074933152
A29: SUB-TOTAL | I29: =SUM(I28:I28) -> 9861.9057
A30: 6 | D30: INFRAESTRUTURA E SUPERESTRUTURA
A31: 6.1 | B31: ED-29818 | C31: SETOP (JAN/2023) | D31: Mobilização e desmobilização de equipamento para estaca tipo trado rotativo | E31: ='Memória de Cálculo'!J70 -> 50 | F31: KM | G31: 24.42 | H31: =G31*(1+$H$6) -> 31.277743 | I31: =E31*H31 -> 1563.8872 | K31: =I31/$I$186 -> 0.00011882794
A32: 6.2 | B32: ED-29802 | C32: SETOP (JAN/2023) | D32: Perfuração mecânica de estaca tipo trado rotativo, inclusive afastamento lateral, exclusive armação e concreto estrutural | E32: ='Memória de Cálculo'!J77 -> 152.2115 | F32: M3 | G32: 99.2 | H32: =G32*(1+$H$6) -> 127.05783 | I32: =E32*H32 -> 19339.662 | K32: =I32/$I$186 -> 0.0014694745
A33: 6.3 | B33: ED-8471 | C33: SETOP (JAN/2023) | D33: Forma e desforma de tábua e sarrafo, reaproveitamento (5x), exclusive escoramento | E33: ='Memória de Cálculo'!J93 -> 14088.48 | F33: M2 | G33: 43.03 | H33: =G33*(1+$H$6) -> 55.113894 | I33: =E33*H33 -> 776471 | K33: =I33/$I$186 -> 0.05899815
A34: 6.4 | B34: ED-48298 | C34: SETOP (JAN/2023) | D34: Corte, dobra e montagem de aço ca-50/60 | E34: ='Memória de Cálculo'!J112 -> 82137.16 | F34: KG | G34: 13.52 | H34: =G34*(1+$H$6) -> 17.316752 | I34: =E34*H34 -> 1422348.9 | K34: =I34/$I$186 -> 0.10807352 | M34: =E34/2 -> 41068.58
A35: 6.5 | B35: ED-49638 | C35: SETOP (JAN/2023) | D35: Fornecimento de concreto estrutural, usinado bombeado, com Fck 25 MPa, inclusive lançamento, adensamento e acabamento | E35: ='Memória de Cálculo'!J131 -> 1520.232 | F35: M3 | G35: 730.24 | H35: =G35*(1+$H$6) -> 935.30955 | I35: =E35*H35 -> 1421887.5 | K35: =I35/$I$186 -> 0.10803846 | M35: =E35/2 -> 760.116
A36: 6.6 | B36: ED-19633 | C36: SETOP (JAN/2023) | D36: Escoramento metálico para laje e viga em concreto armado, tipo "a", altura de (200 até 310)cm, inclusive descarga, montagem, desmontagem e carga | E36: ='Memória de Cálculo'!J139 -> 4899.58 | F36: M2XMÊS | G36: 13.23 | H36: =G36*(1+$H$6) -> 16.945313 | I36: =E36*H36 -> 83024.917 | K36: =I36/$I$186 -> 0.0063084346
A37: 6.7 | B37: ED-9904 | C37: SETOP (JAN/2023) | D37: Verga em concreto estrutural para vãos de até 150cm, preparado em obra com betoneira, controle "a", com fck 20 MPa, moldada in loco, inclusive armação | E37: ='Memória de Cálculo'!J178 -> 8.1795 | F37: M3 | G37: 2683.91 | H37: =G37*(1+$H$6) -> 3437.6187 | I37: =E37*H37 -> 28118.002 | K37: =I37/$I$186 -> 0.002136474
A38: 6.8 | B38: ED-9903 | C38: SETOP (JAN/2023) | D38: Contraverga em concreto estrutural para vãos de até 150cm, preparado em obra com betoneira, controle "a", com fck 20 MPa, moldada in loco, inclusive armação | E38: ='Memória de Cálculo'!J184 -> 1.1025 | F38: M3 | G38: 2683.91 | H38: =G38*(1+$H$6) -> 3437.6187 | I38: =E38*H38 -> 3789.9746 | K38: =I38/$I$186 -> 0.00028797146
A39: 6.9 | B39: ED-9907 | C39: SETOP (JAN/2023) | D39: Verga em concreto estrutural para vãos acima de 150cm, preparado em obra com betoneira, controle "a", com fck 20 MPa, moldada in loco, inclusive armação | E39: ='Memória de Cálculo'!J220 -> 14.448 | F39: M3 | G39: 2917.67 | H39: =G39*(1+$H$6) -> 3737.0243 | I39: =E39*H39 -> 53992.527 | K39: =I39/$I$186 -> 0.0041024832
A40: 6.10 | B40: ED-9906 | C40: SETOP (JAN/2023) | D40: Contraverga em concreto estrutural para vãos acima de 150cm, preparado em obra com betoneira, controle "a", com fck 20 MPa, moldada in loco, inclusive armação | E40: ='Memória de Cálculo'!J256 -> 14.448 | F40: M3 | G40: 2917.67 | H40: =G40*(1+$H$6) -> 3737.0243 | I40: =E40*H40 -> 53992.527 | K40: =I40/$I$186 -> 0.0041024832
A41: 6.11 | B41: ED-50174 | C41: SETOP (JAN/2023) | D41: Pintura com emulsão asfáltica, duas (2) demãos | E41: ='Memória de Cálculo'!J295 -> 1562.89 | F41: M2 | G41: 23.65 | H41: =G41*(1+$H$6) -> 30.291508 | I41: =E41*H41 -> 47342.295 | K41: =I41/$I$186 -> 0.0035971824
A42: SUB-TOTAL | I42: =SUM(I31:I41) -> 3911871.2
A43: 7 | D43: ALVENARIA E DIVISÓRIAS
A44: 7.1 | B44: ED-48232 | C44: SETOP (JAN/2023) | D44: Alvenaria de vedação com tijolo cerâmico furado, esp. 14cm, para revestimento, inclusive argamassa para assentamento | E44: ='Memória de Cálculo'!J310 -> 6678.672 | F44: M3 | G44: 65.43 | H44: =G44*(1+$H$6) -> 83.804371 | I44: =E44*H44 -> 559701.91 | K44: =I44/$I$186 -> 0.042527509 | M44: =E44/2 -> 3339.336
A45: 7.2 | B45: ED-48231 | C45: SETOP (JAN/2023) | D45: Alvenaria de vedação com tijolo cerâmico furado, esp. 9cm, para revestimento, inclusive argamassa para assentamento | E45: ='Memória de Cálculo'!J321 -> 4623.192 | F45: M2 | G45: 45.85 | H45: =G45*(1+$H$6) -> 58.72582 | I45: =E45*H45 -> 271500.74 | K45: =I45/$I$186 -> 0.020629285
A46: SUB-TOTAL | I46: =SUM(I44:I45) -> 831202.65
A47: 8 | D47: PISO E REVESTIMENTO
A48: 8.1 | B48: ED-49812 | C48: SETOP (JAN/2023) | D48: Lastro de concreto magro, inclusive transporte, lançamento e adensamento | E48: ='Memória de Cálculo'!J366 -> 68.47785 | F48: M3 | G48: 504.77 | H48: =G48*(1+$H$6) -> 646.52197 | I48: =E48*H48 -> 44272.435 | K48: =I48/$I$186 -> 0.003363927
A49: 8.2 | B49: ED-50568 | C49: SETOP (JAN/2023) | D49: Contrapiso desempenado com argamassa, traço 1:3 (cimento e areia), esp. 30mm | E49: ='Memória de Cálculo'!J389 -> 4997.104 | F49: M2 | G49: 39.41 | H49: =G49*(1+$H$6) -> 50.477308 | I49: =E49*H49 -> 252240.36 | K49: =I49/$I$186 -> 0.019165834
A50: 8.3 | B50: ED-50543 | C50: SETOP (JAN/2023) | D50: Revestimento com cerâmica aplicado em piso, acabamento esmaltado, ambiente externo (antiderrapante), padrão extra, dimensão da peça até 2025 cm2, PEI V, assentamento com argamassa industrializada, inclusive rejuntamento | E50: ='Memória de Cálculo'!J412 -> 4997.104 | F50: M2 | G50: 65.08 | H50: =G50*(1+$H$6) -> 83.356083 | I50: =E50*H50 -> 416539.01 | K50: =I50/$I$186 -> 0.031649645
A51: 8.4 | B51: ED-50771 | C51: SETOP (JAN/2023) | D51: Rodapé com revestimento em cerâmica esmaltada comercial, altura 10cm, PEI IV, assentamento com argamassa industrializada, inclusive rejuntamento | E51: ='Memória de Cálculo'!J467 -> 4255.09 | F51: M | G51: 11.63 | H51: =G51*(1+$H$6) -> 14.895993 | I51: =E51*H51 -> 63383.792 | K51: =I51/$I$186 -> 0.0048160543
A52: 8.5 | B52: ED-9081 | C52: SETOP (JAN/2023) | D52: Revestimento com cerâmica aplicado em parede, acabamento esmaltado, ambiente interno/externo, padrão extra, dimensão da peça até 2025 cm2, PEI III, assentamento com argamassa industrializada, inclusive rejuntamento | E52: ='Memória de Cálculo'!J502 -> 5343.17 | F52: M2 | G52: 69.35 | H52: =G52*(1+$H$6) -> 88.825205 | I52: =E52*H52 -> 474608.17 | K52: =I52/$I$186 -> 0.03606188 | M52: =E52/2 -> 2671.585
A53: 8.6 | B53: ED-51002 | C53: SETOP (JAN/2023) | D53: Soleira de granito cinza andorinha e = 2 cm | E53: ='Memória de Cálculo'!J537 -> 50.19 | F53: M2 | G53: 292.42 | H53: =G53*(1+$H$6) -> 374.53881 | I53: =E53*H53 -> 18798.103 | K53: =I53/$I$186 -> 0.0014283255
A54: 8.7 | B54: ED-50993 | C54: SETOP (JAN/2023) | D54: Peitoril de ardósia e = 2 cm | E54: ='Memória de Cálculo'!J574 -> 118.44 | F54: M2 | G54: 176.3 | H54: =G54*(1+$H$6) -> 225.80943 | I54: =E54*H54 -> 26744.868 | K54: =I54/$I$186 -> 0.00203214
A55: 8.8 | B55: ED-50727 | C55: SETOP (JAN/2023) | D55: Chapisco com argamassa, traço 1:3 (cimento e areia), esp. 5mm, aplicado em alvenaria/estrutura de concreto com colher, preparo mecânico | E55: ='Memória de Cálculo'!J615 -> 14170.436 | F55: M2 | G55: 8.45 | H55: =G55*(1+$H$6) -> 10.82297 | I55: =E55*H55 -> 153366.21 | K55: =I55/$I$186 -> 0.011653136
A56: 8.9 | B56: ED-50732 | C56: SETOP (JAN/2023) | D56: Emboço com argamassa, traço 1:6 (cimento e areia), esp. 20mm, aplicação manual, preparo mecânico | E56: ='Memória de Cálculo'!J650 -> 5741.33 | F56: M2 | G56: 30.02 | H56: =G56*(1+$H$6) -> 38.450363 | I56: =E56*H56 -> 220756.22 | K56: =I56/$I$186 -> 0.016773593
A57: 8.10 | B57: ED-50761 | C57: SETOP (JAN/2023) | D57: Reboco com argamassa, traço 1:2:8 (cimento, cal e areia), esp. 20mm, aplicação manual, preparo mecânico | E57: ='Memória de Cálculo'!J659 -> 8429.106 | F57: M2 | G57: 31.89 | H57: =G57*(1+$H$6) -> 40.845505 | I57: =E57*H57 -> 344291.09 | K57: =I57/$I$186 -> 0.026160072
A58: 8.11 | B58: ED-50736 | C58: SETOP (JAN/2023) | D58: Revestimento de gesso em parede, esp. 5mm, aplicação manual (sarrafeado) | E58: ='Memória de Cálculo'!J714 -> 11843.269 | F58: M2 | G58: 20.88 | H58: =ROUND(G58*1.3091,2) -> 27.33 | I58: =E58*H58 -> 323676.55 | K58: =I58/$I$186 -> 0.024593729
A59: 8.12 | B59: ED-9066 | C59: SETOP (JAN/2023) | D59: Revestimento de gesso em teto, esp. 5mm, aplicação manual (sarrafeado) | E59: ='Memória de Cálculo'!J737 -> 5007.52 | F59: M2 | G59: 23.97 | H59: =ROUND(G59*1.3091,2) -> 31.38 | I59: =E59*H59 -> 157135.98 | K59: =I59/$I$186 -> 0.011939573
A60: SUB-TOTAL | I60: =SUM(I48:I59) -> 2495812.8
A61: 9 | D61: BANCADAS
A62: 9.1 | B62: ED-48343 | C62: SETOP (JAN/2023) | D62: Bancada em granito cinza andorinha e = 3 cm, apoiada em console de metalon 20 x 30 mm | E62: ='Memória de Cálculo'!J758 -> 67.2 | F62: M2 | G62: 354.75 | H62: =G62*(1+$H$6) -> 454.37262 | I62: =E62*H62 -> 30533.84 | K62: =I62/$I$186 -> 0.0023200353
A63: 9.2 | B63: ED-48348 | C63: SETOP (JAN/2023) | D63: Rodabancada/frontão para bancada em granito, cor cinza andorinha, esp. 2cm, altura de 10cm, inclusive rejuntamento em massa plástica na cor da pedra | E63: ='Memória de Cálculo'!J777 -> 134.4 | F63: M | G63: 47.79 | H63: =G63*(1+$H$6) -> 61.210621 | I63: =E63*H63 -> 8226.7074 | K63: =I63/$I$186 -> 0.00062508519
A64: 9.3 | B64: ED-21636 | C64: SETOP (JAN/2023) | D64: Testeira para bancada em granito, cor cinza andorinha, esp. 2cm, altura de 10cm, inclusive polimento, corte/ colagem em meia esquadria e massa plástica na cor da pedra | E64: ='Memória de Cálculo'!J812 -> 246.4 | F64: M | G64: 184.11 | H64: =G64*(1+$H$6) -> 235.81267 | I64: =E64*H64 -> 58104.241 | K64: =I64/$I$186 -> 0.0044149012
A65: SUB-TOTAL | I65: =SUM(I62:I64) -> 96864.789
A66: 10 | D66: LOUÇAS E METAIS
A67: 10.1 | B67: ED-50297 | C67: SETOP (JAN/2023) | D67: Bacia sanitária (vaso) de louça com caixa acoplada, cor branca, inclusive acessórios de fixação/vedação, engate flexível metálico, fornecimento, instalação e rejuntamento | E67: ='Memória de Cálculo'!J831 -> 105 | F67: UN | G67: 532.77 | H67: =G67*(1+$H$6) -> 682.38507 | I67: =E67*H67 -> 71650.432 | K67: =I67/$I$186 -> 0.0054441736
A68: 10.2 | B68: ED-50301 | C68: SETOP (JAN/2023) | D68: Bacia sanitária (vaso) de louça convencional, acessível (PCR/PMR), cor branca, com instalação de sóculo na base da bacia acompanhando a projeção da base, não ultrapassando altura de 5cm, altura máxima de 46cm (bacia+assento), inclusive acessórios de fixação/vedação, válvula de descarga metálica com acionamento duplo, tubo de ligação de latão com canopla, fornecimento, instalação e rejuntamento, exclusive assento | E68: ='Memória de Cálculo'!J835 -> 7 | F68: UN | G68: 597.46 | H68: =G68*(1+$H$6) -> 765.24163 | I68: =E68*H68 -> 5356.6914 | K68: =I68/$I$186 -> 0.00040701441
A69: 10.3 | B69: ED-16344 | C69: SETOP (JAN/2023) | D69: Chuveiro elétrico branco, tensão 127v/220v, potência 4600w/5500w, inclusive braço, fornecimento e instalação | E69: ='Memória de Cálculo'!J854 -> 112 | F69: UN | G69: 107.19 | H69: =G69*(1+$H$6) -> 137.29162 | I69: =E69*H69 -> 15376.661 | K69: =I69/$I$186 -> 0.001168356
A70: 10.4 | B70: ED-50283 | C70: SETOP (JAN/2023) | D70: Lavatório de louça branca sem coluna, tamanho médio, inclusive acessórios de fixação, válvula de escoamento de metal com acabamento cromado, sifão de metal tipo copo com acabamento cromado, fornecimento, instalação e rejuntamento, exclusive torneira e engate flexível | E70: ='Memória de Cálculo'!J873 -> 112 | F70: UN | G70: 352.67 | H70: =G70*(1+$H$6) -> 451.70851 | I70: =E70*H70 -> 50591.353 | K70: =I70/$I$186 -> 0.0038440537
A71: 10.5 | B71: ED-50278 | C71: SETOP (JAN/2023) | D71: Cuba em aço inoxidável de embutir, AISI 304, aplicação para pia (560x330x115mm), número 2, assentamento em bancada, inclusive válvula de escoamento de metal com acabamento cromado, sifão de metal tipo copo com acabamento cromado, fornecimento e instalação | E71: ='Memória de Cálculo'!J892 -> 112 | F71: UN | G71: 481.17 | H71: =G71*(1+$H$6) -> 616.2945 | I71: =E71*H71 -> 69024.984 | K71: =I71/$I$186 -> 0.0052446858
A72: 10.6 | B72: ED-50290 | C72: SETOP (JAN/2023) | D72: Tanque de louça branca com coluna, capacidade 22 litros, inclusive acessórios de fixação, válvula de escoamento de metal com acabamento cromado, sifão de metal tipo copo com acabamento cromado, fornecimento, instalação e rejuntamento, exclusive torneira | E72: ='Memória de Cálculo'!J911 -> 112 | F72: UN | G72: 616.4 | H72: =G72*(1+$H$6) -> 789.50045 | I72: =E72*H72 -> 88424.051 | K72: =I72/$I$186 -> 0.0067186739
A73: 10.7 | B73: ED-50324 | C73: SETOP (JAN/2023) | D73: Torneira metálica para pia, bica móvel, abertura 1/4 de volta, acabamento cromado, com arejador, aplicação de mesa, inclusive engate flexível metálico, fornecimento e instalação | E73: ='Memória de Cálculo'!J930 -> 112 | F73: UN | G73: 156.08 | H73: =G73*(1+$H$6) -> 199.91115 | I73: =E73*H73 -> 22390.048 | K73: =I73/$I$186 -> 0.0017012502
A74: 10.8 | B74: ED-50330 | C74: SETOP (JAN/2023) | D74: Torneira metálica para lavatório, abertura 1/4 de volta, acabamento cromado, com arejador, aplicação de mesa, inclusive engate flexível metálico, fornecimento e instalação | E74: ='Memória de Cálculo'!J930 -> 112 | F74: UN | G74: 126.69 | H74: =G74*(1+$H$6) -> 162.2677 | I74: =E74*H74 -> 18173.983 | K74: =I74/$I$186 -> 0.0013809033
A75: 10.9 | B75: ED-50331 | C75: SETOP (JAN/2023) | D75: Torneira metálica para tanque, acabamento cromado, bico com rosca, fornecimento e instalação | E75: ='Memória de Cálculo'!J968 -> 112 | F75: UN | G75: 75.6 | H75: =G75*(1+$H$6) -> 96.83036 | I75: =E75*H75 -> 10845 | K75: =I75/$I$186 -> 0.00082402944
A76: 10.10 | B76: ED-48156 | C76: SETOP (JAN/2023) | D76: Assento branco para vaso | E76: ='Memória de Cálculo'!J986 -> 105 | F76: UN | G76: 44.15 | H76: =G76*(1+$H$6) -> 56.548418 | I76: =E76*H76 -> 5937.5839 | K76: =I76/$I$186 -> 0.00045115203
A77: 10.11 | B77: ED-48157 | C77: SETOP (JAN/2023) | D77: Assento para vaso PNE (NBR 9050) | E77: ='Memória de Cálculo'!J990 -> 7 | F77: UN | G77: 129.59 | H77: =G77*(1+$H$6) -> 165.9821 | I77: =E77*H77 -> 1161.8747 | K77: =I77/$I$186 -> 8.8282056e-05
A78: 10.12 | B78: ED-48160 | C78: SETOP (JAN/2023) | D78: Barra de apoio em aço inox polido reta, DN 1.1/4" (31,75mm) , para acessibilidade (PMR/PCR), comprimento 80cm, instalado em parede, inclusive fornecimento, instalação e acessórios para fixação | E78: ='Memória de Cálculo'!J995 -> 28 | F78: UN | G78: 226.84 | H78: =G78*(1+$H$6) -> 290.54231 | I78: =E78*H78 -> 8135.1848 | K78: =I78/$I$186 -> 0.00061813108
A79: 10.13 | B79: ED-48167 | C79: SETOP (JAN/2023) | D79: Barra de apoio em aço inox polido para lavatório de canto, DN 1.1/4" (31,75mm), para acessibilidade (PMR/PCR), instalado em parede, inclusive fornecimento, instalação e acessórios para fixação | E79: ='Memória de Cálculo'!J999 -> 7 | F79: UN | G79: 223.54 | H79: =G79*(1+$H$6) -> 286.31559 | I79: =E79*H79 -> 2004.2091 | K79: =I79/$I$186 -> 0.00015228467
A80: 10.14 | B80: ED-48158 | C80: SETOP (JAN/2023) | D80: Banco articulado em aço inox com cantos arredondados, profundidade mínima de 0,45 m e comprimento mínimo de 0,70 m, conforme NBR 9050 | E80: ='Memória de Cálculo'!J1003 -> 7 | F80: UN | G80: 598.63 | H80: =G80*(1+$H$6) -> 766.74019 | I80: =E80*H80 -> 5367.1814 | K80: =I80/$I$186 -> 0.00040781146
A81: 10.15 | B81: ED-51150 | C81: SETOP (JAN/2023) | D81: Espelho cristal, dimensão (60x90)cm, com esp. 4mm, em acabamento lapidado, inclusive fixação com parafuso tipo finesson, fornecimento e instalação | E81: ='Memória de Cálculo'!J1022 -> 112 | F81: UN | G81: 239.43 | H81: =G81*(1+$H$6) -> 306.6679 | I81: =E81*H81 -> 34346.805 | K81: =I81/$I$186 -> 0.0026097535
A82: SUB-TOTAL | I82: =SUM(I67:I81) -> 408786.04
A83: 11 | D83: ESQUADRIAS
A84: 11.1 | B84: ED-49602 | C84: SETOP (JAN/2023) | D84: Porta de abrir, madeira de lei prancheta para pintura completa 80 x 210 cm, com ferragens em ferro latonado | E84: ='Memória de Cálculo'!J1042 -> 133 | F84: UN | G84: 909.41 | H84: =G84*(1+$H$6) -> 1164.7949 | I84: =E84*H84 -> 154917.73 | K84: =I84/$I$186 -> 0.011771025
A85: 11.2 | B85: ED-49601 | C85: SETOP (JAN/2023) | D85: Porta de abrir, madeira de lei prancheta para pintura completa 70 x 210 cm, com ferragens em ferro latonado | E85: ='Memória de Cálculo'!J1060 -> 315 | F85: UN | G85: 849.29 | H85: =G85*(1+$H$6) -> 1087.7918 | I85: =E85*H85 -> 342654.4 | K85: =I85/$I$186 -> 0.026035713
A86: 11.3 | B86: ED-50979 | C86: SETOP (JAN/2023) | D86: Porta em perfil e chapa metálica | E86: ='Memória de Cálculo'!J1064 -> 16.17 | F86: M2 | G86: 390.7 | H86: =G86*(1+$H$6) -> 500.41828 | I86: =E86*H86 -> 8091.7635 | K86: =I86/$I$186 -> 0.00061483182
A87: 11.4 | B87: ED-50955 | C87: SETOP (JAN/2023) | D87: Fornecimento e assentamento de janela de correr em ferro | E87: ='Memória de Cálculo'!J1099 -> 725.76 | F87: M2 | G87: 533.77 | H87: =G87*(1+$H$6) -> 683.66589 | I87: =E87*H87 -> 496177.36 | K87: =I87/$I$186 -> 0.037700759
A88: 11.5 | B88: ED-50956 | C88: SETOP (JAN/2023) | D88: Fornecimento e assentamento de janela em ferro, tipo maxim-ar, inclusive ferragens e acessórios | E88: ='Memória de Cálculo'!J1121 -> 154.56 | F88: M2 | G88: 373.72 | H88: =G88*(1+$H$6) -> 478.66987 | I88: =E88*H88 -> 73983.215 | K88: =I88/$I$186 -> 0.0056214242
A89: 11.6 | B89: ED-51156 | C89: SETOP (JAN/2023) | D89: Vidro comum liso incolor, esp. 4mm, inclusive fixação e vedação com guarnição/gaxeta de borracha neoprene, fornecimento e instalação, exclusive caixilho/perfil | E89: ='Memória de Cálculo'!J1175 -> 880.32 | F89: M2 | G89: 167.92 | H89: =G89*(1+$H$6) -> 215.07611 | I89: =E89*H89 -> 189335.8 | K89: =I89/$I$186 -> 0.014386194
A90: SUB-TOTAL | I90: =SUM(I84:I89) -> 1265160.3
A91: 12 | D91: PINTURA
A92: 12.1 | B92: ED-50514 | C92: SETOP (JAN/2023) | D92: Preparação para emassamento ou pintura (látex/ acrílica) em parede, inclusive uma (1) demão de selador acrílico | E92: ='Memória de Cálculo'!J1257 -> 25247.904 | F92: M2 | G92: 5.74 | H92: =G92*(1+$H$6) -> 7.3519348 | I92: =E92*H92 -> 185620.94 | K92: =I92/$I$186 -> 0.014103929
A93: 12.2 | B93: ED-50451 | C93: SETOP (JAN/2023) | D93: Pintura acrílica em parede, duas (2) demãos, exclusive selador acrílico e massa acrílica/corrida (pva) | E93: ='Memória de Cálculo'!J1338 -> 25279.895 | F93: M2 | G93: 14.14 | H93: =G93*(1+$H$6) -> 18.110864 | I93: =E93*H93 -> 457840.74 | K93: =I93/$I$186 -> 0.03478785
A94: 12.3 | B94: ED-50452 | C94: SETOP (JAN/2023) | D94: Pintura acrílica em teto, duas (2) demãos, exclusive selador acrílico e massa acrílica/corrida (pva) | E94: ='Memória de Cálculo'!J1361 -> 5007.52 | F94: M2 | G94: 15.6 | H94: =G94*(1+$H$6) -> 19.980868 | I94: =E94*H94 -> 100054.6 | K94: =I94/$I$186 -> 0.0076023909
A95: 12.4 | B95: ED-50527 | C95: SETOP (JAN/2023) | D95: Pintura com verniz sintético marítimo em esquadrias de madeira, duas (2) demãos, acabamento tipo acetinado (brilho sútil) | E95: ='Memória de Cálculo'!J1395 -> 1372.98 | F95: M2 | G95: 21.9 | H95: =G95*(1+$H$6) -> 28.050065 | I95: =E95*H95 -> 38512.178 | K95: =I95/$I$186 -> 0.0029262487
A96: 12.5 | B96: ED-50491 | C96: SETOP (JAN/2023) | D96: Pintura esmalte em esquadrias de ferro, duas (2) demãos, inclusive uma (1) demão de fundo anticorrosivo | E96: ='Memória de Cálculo'!J1449 -> 880.32 | F96: M2 | G96: 31.93 | H96: =G96*(1+$H$6) -> 40.896738 | I96: =E96*H96 -> 36002.217 | K96: =I96/$I$186 -> 0.0027355357
A97: SUB-TOTAL | I97: =SUM(I92:I96) -> 818030.67
A98: 13 | D98: INSTALAÇÕES HIDROSANITÁRIAS
A99: 13.1 | B99: ED-50221 | C99: SETOP (JAN/2023) | D99: Ponto de embutir para água fria em tubo de PVC rígido soldável, DN 20mm (1/2"), embutido na alvenaria com distância de até cinco (5) metros da tomada de água, inclusive conexões e fixação do tubo com enchimento do rasgo na alvenaria/concreto com argamassa | E99: ='Memória de Cálculo'!J1469 -> 336 | F99: UN | G99: 124.25 | H99: =G99*(1+$H$6) -> 159.14249 | I99: =E99*H99 -> 53471.877 | K99: =I99/$I$186 -> 0.0040629229
A100: 13.2 | B100: ED-49989 | C100: SETOP (JAN/2023) | D100: Registro de gaveta, tipo base, roscável 3/4" (para tubo soldável ou PPR DN 25mm/CPVC DN 22mm), inclusive acabamento (padrão médio) e canopla cromado | E100: ='Memória de Cálculo'!J1488 -> 336 | F100: UN | G100: 80.6 | H100: =G100*(1+$H$6) -> 103.23448 | I100: =E100*H100 -> 34686.787 | K100: =I100/$I$186 -> 0.0026355862
A101: 13.3 | B101: ED-49965 | C101: SETOP (JAN/2023) | D101: Registro de pressão, tipo base, roscável 3/4" (para tubo soldável ou PPR DN 25mm/CPVC DN 22mm), inclusive acabamento (padrão médio) e canopla cromados | E101: ='Memória de Cálculo'!J1507 -> 112 | F101: UN | G101: 82.65 | H101: =G101*(1+$H$6) -> 105.86018 | I101: =E101*H101 -> 11856.34 | K101: =I101/$I$186 -> 0.00090087345
A102: 13.4 | B102: ED-50000 | C102: SETOP (JAN/2023) | D102: Registro de esfera, tipo pvc soldável DN 25mm (3/4"), inclusive volante para acionamento | E102: ='Memória de Cálculo'!J1526 -> 224 | F102: UN | G102: 24.19 | H102: =G102*(1+$H$6) -> 30.983154 | I102: =E102*H102 -> 6940.2264 | K102: =I102/$I$186 -> 0.00052733524
A103: 13.5 | B103: ED-49935 | C103: SETOP (JAN/2023) | D103: Caixa d´água de polietileno, capacidade de 500l, inclusive tampa, torneira de boia, extravasor, tubo de limpeza e acessórios, exclusive tubulação de entrada/ saída de água | E103: ='Memória de Cálculo'!J1545 -> 112 | F103: UN | G103: 622.97 | H103: =G103*(1+$H$6) -> 797.91547 | I103: =E103*H103 -> 89366.533 | K103: =I103/$I$186 -> 0.0067902859
...

Sheet Memória de Cálculo
A1: PREFEITURA MUNICIPAL DE NOVA ERA Secretaria de Obras e Serviços Urbanos
A4: OBRA POR EXECUÇÃO INDIRETA
A5: Setor requisitante: Secretaria Municipal de Saúde
A6: Objeto: | B6: Prédio em H | H6: BDI: | I6: 0.2808 | J6: =TODAY() -> 45075
A8: MEMÓRIA DE CÁLCULO
A9: ='Planilha orçamentária'!A10 -> 1 | B9: ='Planilha orçamentária'!D10 -> MOBILIZAÇÃO E DESMOBILIZAÇÃO
A10: ='Planilha orçamentária'!A11 -> 1.1 | B10: ='Planilha orçamentária'!D11 -> Mobilização e desmobilização de obra em centro urbano ou região limítrofe com valor acima de 3.000.000,00
A11: Detalhe | D11: Custo direto da obra (com BDI) | F11: Custo direto da obra (sem BDI) | H11: Mobilização e desmobilização de obra - para obras com o valor até R$1.000.000,00 - 0,5% do custo direto da obra
A14: 0.2 | D14: 11141574 | F14: =D14/1.3038 -> 8545462.1 | H14: =(F14*A14)/100 -> 17090.924
A15: Detalhe | D15: Extensão | E15: Largura | F15: Altura | G15: Quantitade | H15: Área | I15: Dedução | J15: TOTAL
A16: Mobilização | G16: 0.3 | J16: =PRODUCT(D16:H16)-I16 -> 0.3
A17: Desmobilização | G17: 0.7 | J17: =PRODUCT(D17:H17)-I17 -> 0.7
A18: ="TOTAL - "&'Planilha orçamentária'!F11 -> TOTAL - VB | J18: =SUM(J16:J17) -> 1
A19: ='Planilha orçamentária'!A13 -> 2 | B19: ='Planilha orçamentária'!D13 -> ADMINISTRAÇÃO LOCAL
A20: ='Planilha orçamentária'!A14 -> 2.1 | B20: ='Planilha orçamentária'!D14 -> Engenheiro civil de obra júnior com encargos complementares
A21: Detalhe | D21: Extensão | E21: Largura | F21: Quantidade (horas/mês) | G21: Quantidade (dia) | H21: Quantidade (mês) | I21: Área | J21: Total
A22: Engenheiro | H22: 10 | J22: =PRODUCT(D22:H22)-I22 -> 10
A23: ="TOTAL - "&'Planilha orçamentária'!F14 -> TOTAL - MÊS | J23: =SUM(J22) -> 10
A24: ='Planilha orçamentária'!A15 -> 2.2 | B24: ='Planilha orçamentária'!D15 -> Encarregado geral de obras com encargos complementares
A25: Detalhe | D25: Extensão | E25: Largura | F25: Quantidade (horas/dia) | G25: Quantidade (dia) | H25: Quantidade (mês) | I25: Área | J25: Total
A26: Encarregado geral de obra | H26: 10 | J26: =PRODUCT(D26:H26)-I26 -> 10
A27: ="TOTAL - "&'Planilha orçamentária'!F15 -> TOTAL - MÊS | J27: =SUM(J26) -> 10
A28: ='Planilha orçamentária'!A17 -> 3 | B28: ='Planilha orçamentária'!D17 -> SERVIÇOS PRELIMINARES
A29: ='Planilha orçamentária'!A18 -> 3.1 | B29: ='Planilha orçamentária'!D18 -> Fornecimento e colocação de placa de obra em chapa galvanizada #26, esp. 0,45 mm, plotada com adesivo vinílico, afixada com rebites 4,8x40 mm, em estrutura metálica de metalon 20x20 mm, esp. 1,25 mm, inclusive suporte em eucalipto auto clavado pintado com tinta pva duas (2) demãos
A30: Detalhe | D30: Extensão | E30: Largura | F30: Altura | G30: Quantitade | H30: Área | I30: Dedução | J30: TOTAL
A31: Placa de Identificação padrão 1,50x3,00m | E31: 3 | F31: 1.5 | G31: 1 | J31: =PRODUCT(D31:H31)-I31 -> 4.5
A32: ="TOTAL - "&'Planilha orçamentária'!F18 -> TOTAL - M2 | J32: =SUM(J31) -> 4.5
A33: ='Planilha orçamentária'!A19 -> 3.2 | B33: ='Planilha orçamentária'!D19 -> Barracão de obra, em chapa de compensado resinado, inclusive instalações sanitárias e mobiliário - padrão der-mg
A34: Detalhe | D34: Extensão | E34: Largura | F34: Altura | G34: Quantitade | H34: Área | I34: Dedução | J34: TOTAL
A35: Barracão na medida de 10,00x5,00 metros | D35: 10 | E35: 5 | J35: =PRODUCT(D35:H35)-I35 -> 50
A36: ="TOTAL - "&'Planilha orçamentária'!F22 -> TOTAL - M | J36: =SUM(J35) -> 50
A37: ='Planilha orçamentária'!A20 -> 3.3 | B37: ='Planilha orçamentária'!D20 -> Ligação provisória com entrada de energia aérea, padrão Cemig, carga instalada de 15,1KVA até 30KVA, trifásico, com saída subterrânea, inclusive poste, caixa para medidor, disjuntor, barramento, aterramento e acessórios
A38: Detalhe | D38: Extensão | E38: Largura | F38: Altura | G38: Quantitade | H38: Área | I38: Dedução | J38: TOTAL
A39: Ligação provisória de energia | G39: 1 | J39: =PRODUCT(D39:H39)-I39 -> 1
A40: ="TOTAL - "&'Planilha orçamentária'!F20 -> TOTAL - UN | J40: =SUM(J39) -> 1
A41: ='Planilha orçamentária'!A21 -> 3.4 | B41: ='Planilha orçamentária'!D21 -> Ligação de água provisória para canteiro, inclusive hidrômetro e cavalete para medição de água - entrada principal, em aço galvanizado DN 20mm (1/2") - padrão concessionária
A42: Detalhe | D42: Extensão | E42: Largura | F42: Altura | G42: Quantitade | H42: Área | I42: Dedução | J42: TOTAL
A43: Ligação provisória de água | G43: 1 | J43: =PRODUCT(D43:H43)-I43 -> 1
A44: ="TOTAL - "&'Planilha orçamentária'!F21 -> TOTAL - UN | J44: =SUM(J43) -> 1
A45: ='Planilha orçamentária'!A22 -> 3.5 | B45: ='Planilha orçamentária'!D22 -> Andaime em cavalete metálico para alvenaria, com chapa de compensado e tábua, com reaproveitamento, inclusive montagem/desmontagem e remanejamento
A46: Detalhe | D46: Extensão | E46: Largura | F46: Altura | G46: Quantitade | H46: Área | I46: Dedução | J46: TOTAL
A47: Para o decorrer da obra | D47: 5 | G47: 100 | J47: =PRODUCT(D47:H47)-I47 -> 500
A48: ="TOTAL - "&'Planilha orçamentária'!F22 -> TOTAL - M | J48: =SUM(J47) -> 500
A49: ='Planilha orçamentária'!A24 -> 4 | B49: ='Planilha orçamentária'!D24 -> LOCAÇÃO DE OBRA
A50: ='Planilha orçamentária'!A25 -> 4.1 | B50: ='Planilha orçamentária'!D25 -> Locação de obra com gabarito de tábuas corridas pontaletadas a cada 2,00m, reaproveitamento (2x), inclusive acompanhamento de equipe topográfica para marcação de ponto topográfico
A51: Detalhe | D51: Extensão | E51: Largura | F51: Altura | G51: Quantitade | H51: Área | I51: Dedução | J51: TOTAL
A52: Execução do gabarito a 1 metro da obra - bloco 1 | D52: =15.38+2+15.38+2+19.09*2 -> 72.94 | J52: =PRODUCT(D52:H52)-I52 -> 72.94
A53: Execução do gabarito a 1 metro da obra - bloco 2 | D53: =15.38+2+15.38+2+19.09*2 -> 72.94 | J53: =PRODUCT(D53:H53)-I53 -> 72.94
A54: Execução do gabarito a 1 metro da obra - bloco 3 | D54: =15.38+2+15.38+2+19.09*2 -> 72.94 | J54: =PRODUCT(D54:H54)-I54 -> 72.94
A55: Execução do gabarito a 1 metro da obra - bloco 4 | D55: =15.38+2+15.38+2+19.09*2 -> 72.94 | J55: =PRODUCT(D55:H55)-I55 -> 72.94
A56: Execução do gabarito a 1 metro da obra - bloco 5 | D56: =15.38+2+15.38+2+19.09*2 -> 72.94 | J56: =PRODUCT(D56:H56)-I56 -> 72.94
A57: Execução do gabarito a 1 metro da obra - bloco 6 | D57: =15.38+2+15.38+2+19.09*2 -> 72.94 | J57: =PRODUCT(D57:H57)-I57 -> 72.94
A58: Execução do gabarito a 1 metro da obra - bloco 7 | D58: =15.38+2+15.38+2+19.09*2 -> 72.94 | J58: =PRODUCT(D58:H58)-I58 -> 72.94
A59: ="TOTAL - "&'Planilha orçamentária'!F25 -> TOTAL - M | J59: =SUM(J52:J58) -> 510.58
A60: ='Planilha orçamentária'!A27 -> 5 | B60: ='Planilha orçamentária'!D27 -> MOVIMENTAÇÃO DE TERRA
A61: ='Planilha orçamentária'!A28 -> 5.1 | B61: ='Planilha orçamentária'!D28 -> Escavação manual de vala com profundidade menor ou igual a 1,5m
A62: Detalhe | D62: Extensão | E62: Largura | F62: Altura | G62: Quantitade | H62: Volume | I62: Dedução | J62: TOTAL
A63: Blocos de coroamento - bloco 1, 2, 3, 4, 5, 6 e 7 | D63: 0.6 | E63: 0.6 | F63: 0.6 | G63: =28*7 -> 196 | J63: =PRODUCT(D63:H63)-I63 -> 42.336
A64: Vigamento baldrame - conforme projeto estrutural bloco 1, 2, 3, 4, 5, 6 e 7 | G64: 7 | H64: =6.36+4.71+1.03 -> 12.1 | J64: =PRODUCT(D64:H64)-I64 -> 84.7
A65: ="TOTAL - "&'Planilha orçamentária'!F28 -> TOTAL - M3 | J65: =SUM(J63:J64) -> 127.036
A66: ='Planilha orçamentária'!A30 -> 6 | B66: ='Planilha orçamentária'!D30 -> INFRAESTRUTURA E SUPERESTRUTURA
A67: ='Planilha orçamentária'!A31 -> 6.1 | B67: ='Planilha orçamentária'!D31 -> Mobilização e desmobilização de equipamento para estaca tipo trado rotativo
A68: Detalhe | D68: Extensão | E68: Largura | F68: Altura | G68: Quantitade | H68: Área | I68: Dedução | J68: TOTAL
A69: Mobilização de equipamento trado mecanizado | G69: 50 | J69: =PRODUCT(D69:H69)-I69 -> 50
A70: ="TOTAL - "&'Planilha orçamentária'!F31 -> TOTAL - KM | J70: =SUM(J69) -> 50
A71: ='Planilha orçamentária'!A32 -> 6.2 | B71: ='Planilha orçamentária'!D32 -> Perfuração mecânica de estaca tipo trado rotativo, inclusive afastamento lateral, exclusive armação e concreto estrutural
A72: Detalhe | D72: Extensão | E72: Largura | F72: Altura | G72: Quantitade | H72: Área | I72: Dedução | J72: TOTAL
A73: Conforme projeto estrutural - bloco 1, 2, 3, 4, 5, 6 e 7 | F73: 4 | G73: 70 | H73: =(3.14*(0.2*0.2)) -> 0.1256 | J73: =PRODUCT(D73:H73)-I73 -> 35.168
A74: Conforme projeto estrutural - bloco 1, 2, 3, 4, 5, 6 e 7 | F74: 5 | G74: 42 | H74: =(3.14*(0.2*0.2)) -> 0.1256 | J74: =PRODUCT(D74:H74)-I74 -> 26.376
A75: Conforme projeto estrutural - bloco 1, 2, 3, 4, 5, 6 e 7 | F75: 5 | G75: 42 | H75: =(3.14*(0.25*0.25)) -> 0.19625 | J75: =PRODUCT(D75:H75)-I75 -> 41.2125
A76: Conforme projeto estrutural - bloco 1, 2, 3, 4, 5, 6 e 7 | F76: 6 | G76: 42 | H76: =(3.14*(0.25*0.25)) -> 0.19625 | J76: =PRODUCT(D76:H76)-I76 -> 49.455
A77: ="TOTAL - "&'Planilha orçamentária'!F32 -> TOTAL - M3 | J77: =SUM(J73:J76) -> 152.2115
A78: ='Planilha orçamentária'!A33 -> 6.3 | B78: ='Planilha orçamentária'!D33 -> Forma e desforma de tábua e sarrafo, reaproveitamento (5x), exclusive escoramento
A79: Detalhe | D79: Extensão | E79: Largura | F79: Altura | G79: Quantidade de blocos | H79: Área | I79: Dedução | J79: TOTAL
A80: Conforme projeto estrutural - vigamento nível 290 - blocos 1, 2, 3, 4, 5, 6 e 7 | G80: 7 | H80: =115.17+86.89+19.66 -> 221.72 | J80: =PRODUCT(D80:H80)-I80 -> 1552.04
A81: Conforme projeto estrutural - vigamento nível 580 - blocos 1, 2, 3, 4, 5, 6 e 7 | G81: 7 | H81: =115.17+106.55 -> 221.72 | J81: =PRODUCT(D81:H81)-I81 -> 1552.04
A82: Conforme projeto estrutural - vigamento nível 870 - blocos 1, 2, 3, 4, 5, 6 e 7 | G82: 7 | H82: =115.17+106.55 -> 221.72 | J82: =PRODUCT(D82:H82)-I82 -> 1552.04
A83: Conforme projeto estrutural - vigamento nível 1160 - blocos 1, 2, 3, 4, 5, 6 e 7 | G83: 7 | H83: =115.92+78.65 -> 194.57 | J83: =PRODUCT(D83:H83)-I83 -> 1361.99
A84: Conforme projeto estrutural - vigamento nível 1280 - blocos 1, 2, 3, 4, 5, 6 e 7 | G84: 7 | H84: 32.78 | J84: =PRODUCT(D84:H84)-I84 -> 229.46
A85: Conforme projeto estrutural - vigamento nível 1460 - blocos 1, 2, 3, 4, 5, 6 e 7 | G85: 7 | H85: 14.48 | J85: =PRODUCT(D85:H85)-I85 -> 101.36
A86: Conforme projeto estrutural - 1ª laje - blocos 1, 2, 3, 4, 5, 6 e 7 | G86: 7 | H86: 172.29 | J86: =PRODUCT(D86:H86)-I86 -> 1206.03
A87: Conforme projeto estrutural - 2ª laje - blocos 1, 2, 3, 4, 5, 6 e 7 | G87: 7 | H87: 172.29 | J87: =PRODUCT(D87:H87)-I87 -> 1206.03
A88: Conforme projeto estrutural - 3ª laje - blocos 1, 2, 3, 4, 5, 6 e 7 | G88: 7 | H88: 172.29 | J88: =PRODUCT(D88:H88)-I88 -> 1206.03
A89: Conforme projeto estrutural - 4ª laje - blocos 1, 2, 3 ,4, 5, 6 e 7 | G89: 7 | H89: 163.76 | J89: =PRODUCT(D89:H89)-I89 -> 1146.32
A90: Conforme projeto estrutural - 5ª laje - blocos 1, 2, 3, 4, 5, 6 e 7 | G90: 7 | H90: 19.31 | J90: =PRODUCT(D90:H90)-I90 -> 135.17
A91: Conforme projeto estrutural - pilares - blocos 1, 2, 3, 4, 5, 6 e 7 | G91: 7 | H91: =259.84+121.4 -> 381.24 | J91: =PRODUCT(D91:H91)-I91 -> 2668.68
A92: Conforme projeto estrutural - escadas - blocos 1, 2, 3, 4, 5, 6 e 7 | G92: 7 | H92: 24.47 | J92: =PRODUCT(D92:H92)-I92 -> 171.29
A93: ="TOTAL - "&'Planilha orçamentária'!F33 -> TOTAL - M2 | J93: =SUM(J80:J92) -> 14088.48
A94: ='Planilha orçamentária'!A34 -> 6.4 | B94: ='Planilha orçamentária'!D34 -> Corte, dobra e montagem de aço ca-50/60
A95: Detalhe | D95: Extensão | E95: Largura | F95: Altura | G95: Quantitade | H95: Quantidade de blocos | I95: Área | J95: TOTAL
A96: Conforme projeto estrutural - estacas - blocos 1, 2, 3, 4, 5, 6 e 7 | G96: 737.89 | H96: 7 | J96: =PRODUCT(D96:H96)-I96 -> 5165.23
A97: Conforme projeto estrutural -blocos - blocos 1, 2, 3, 4, 5, 6 e 7 | G97: 394.18 | H97: 7 | J97: =PRODUCT(D97:H97)-I97 -> 2759.26
A98: Conforme projeto estrutural - vigamento baldrame - blocos 1, 2, 3, 4, 5, 6 e 7 | G98: =323.8+79.3+214.3+64.2+48+13.5 -> 743.1 | H98: 7 | J98: =PRODUCT(D98:H98)-I98 -> 5201.7
A99: Conforme projeto estrutural - vigamento nível 290 - blocos 1, 2, 3, 4, 5, 6 e 7 | G99: =424+74.1+308.5+56.6+53.4+13.5 -> 930.1 | H99: 7 | J99: =PRODUCT(D99:H99)-I99 -> 6510.7
A100: Conforme projeto estrutural - vigamento nível 580 - blocos 1, 2, 3, 4, 5, 6 e 7 | G100: =416.4+74.1+332.4+69.8 -> 892.7 | H100: 7 | J100: =PRODUCT(D100:H100)-I100 -> 6248.9
A101: Conforme projeto estrutural - vigamento nível 870 - blocos 1,2,3,4,5, 6 e 7 | G101: =416.4+74.1+332.4+69.8 -> 892.7 | H101: 7 | J101: =PRODUCT(D101:H101)-I101 -> 6248.9
A102: Conforme projeto estrutural - vigamento nível 1160 - blocos 1, 2, 3, 4, 5, 6 e 7 | G102: =380.3+78.2+221.9+54.4 -> 734.8 | H102: 7 | J102: =PRODUCT(D102:H102)-I102 -> 5143.6
A103: Conforme projeto estrutural - vigamento nível 1280 - blocos 1, 2, 3, 4, 5, 6 e 7 | G103: =88+20.1 -> 108.1 | H103: 7 | J103: =PRODUCT(D103:H103)-I103 -> 756.7
A104: Conforme projeto estrutural - vigamento nível 1460 - blocos 1, 2, 3, 4, 5, 6 e 7 | G104: =34.5+16.1 -> 50.6 | H104: 7 | J104: =PRODUCT(D104:H104)-I104 -> 354.2
A105: Conforme projeto estrutural - 1ª laje - blocos 1, 2, 3, 4, 5, 6 e 7 | G105: =167.98+48.24+138.51+68.68+426.2 -> 849.61 | H105: 7 | J105: =PRODUCT(D105:H105)-I105 -> 5947.27
...

Sheet Planilha1
B4: n1 | C4: 5 | D4: 25 | E4: =8*(4+18+18+18*2)+4*(8+36+36+18+18)+3*(8+36+18*3)+8+18*2+18*2+(18+18+8)*2+4*(12+18*3+18*2+18+18) -> 2086 | F4: 0.154 | G4: =F4*E4*D4/100*1.1 -> 88.3421
B5: n2 | C5: 5 | D5: 101 | E5: =8*(4+18+18+18*2)+4*(4+18*4)+3*(4+18*4)+8+18*2+18*2+2*(18*2+8*12) -> 1484 | F5: 0.154 | G5: =F5*E5*D5/100*1.1 -> 253.9035
B6: n3 | C6: 5 | D6: 121 | E6: =4*(4+18*4) -> 304 | F6: 0.154 | G6: =F6*E6*D6/100*1.1 -> 62.312096
B7: n4 | C7: 10 | D7: 122 | E7: =8*6+24+12 -> 84 | F7: 0.617 | G7: =F7*E7*D7/100*1.1 -> 69.553176
B8: n5 | C8: 10 | D8: 314 | E8: =8*6+48+48+16+24+12+18+18+12*4+16+24 -> 320 | F8: 0.617 | G8: =F8*E8*D8/100*1.1 -> 681.95776
B9: n6 | C9: 10 | D9: 269 | E9: =48+16+24+12+18+16+24 -> 158 | F9: 0.617 | G9: =F9*E9*D9/100*1.1 -> 288.46107
B10: n7 | C10: 10 | D10: 75 | E10: =4*2+6+8 -> 22 | F10: 0.617 | G10: =F10*E10*D10/100*1.1 -> 11.19855
B11: n8 | C11: 10 | D11: 162 | E11: 12 | F11: 0.617 | G11: =F11*E11*D11/100*1.1 -> 13.193928
B12: n9 | C12: 10 | D12: 177 | E12: 8 | F12: 0.617 | G12: =F12*E12*D12/100*1.1 -> 9.610392
B13: n10 | C13: 12.5 | D13: 122 | E13: 40 | F13: 0.954 | G13: =F13*E13*D13/100*1.1 -> 51.21072
B14: n11 | C14: 12.5 | D14: 314 | E14: =32+32 -> 64 | F14: 0.954 | G14: =F14*E14*D14/100*1.1 -> 210.88742
B15: n12 | C15: 12.5 | D15: 122 | E15: 32 | F15: 0.954 | G15: =F15*E15*D15/100*1.1 -> 40.968576
B16: n13 | C16: 12.5 | D16: 269 | E16: 8 | F16: 0.954 | G16: =F16*E16*D16/100*1.1 -> 22.583088
B19: n1 | C19: 5 | D19: 25 | E19: =2*(4+18*4+8)+8+36+18+18*2+2*3*4+2*3*18+2*2*18+18*2+18*2+2*3*4+6*18+4*18+18*2+18*2+16 -> 834 | F19: 0.154 | G19: =F19*E19*D19/100*1.1 -> 35.3199
B20: n2 | C20: 5 | D20: 101 | E20: =2*(4+18*4+8)+4+18*14+8+16+12 -> 460 | F20: 0.154 | G20: =F20*E20*D20/100*1.1 -> 78.70324
B21: n3 | C21: 5 | D21: 121 | E21: =8+18*2+18*2*2 -> 116 | F21: 0.154 | G21: =F21*E21*D21/100*1.1 -> 23.776984
B22: n4 | C22: 10 | D22: 122 | E22: 12 | F22: 0.617 | G22: =F22*E22*D22/100*1.1 -> 9.936168
B23: n5 | C23: 10 | D23: 314 | E23: =12*8+8 -> 104 | F23: 0.617 | G23: =F23*E23*D23/100*1.1 -> 221.63627
B24: n6 | C24: 10 | D24: 269 | E24: =6+8+12 -> 26 | F24: 0.617 | G24: =F24*E24*D24/100*1.1 -> 47.468278
B25: n7 | C25: 10 | D25: 117 | E25: 12 | F25: 0.617 | G25: =F25*E25*D25/100*1.1 -> 9.528948
B26: n8 | C26: 10 | D26: 75 | E26: 12 | F26: 0.617 | G26: =F26*E26*D26/100*1.1 -> 6.1083
B27: n9 | C27: 10 | D27: 162 | E27: 12 | F27: 0.617 | G27: =F27*E27*D27/100*1.1 -> 13.193928
B28: n10 | C28: 10 | D28: 177 | E28: 8 | F28: 0.617 | G28: =F28*E28*D28/100*1.1 -> 9.610392
B29: n11 | C29: 12.5 | D29: 122 | E29: =8+20+20 -> 48 | F29: 0.954 | G29: =F29*E29*D29/100*1.1 -> 61.452864
B30: n12 | C30: 12.5 | D30: 314 | E30: =4+16+20+8 -> 48 | F30: 0.954 | G30: =F30*E30*D30/100*1.1 -> 158.16557
B31: n13 | C31: 12.5 | D31: 269 | E31: =4*4+8 -> 24 | F31: 0.954 | G31: =F31*E31*D31/100*1.1 -> 67.749264
G32: =SUM(G4:G31) -> 2546.8325
B35: forma | C35: =0.15*2+0.4*2 -> 1.1 | D35: 10.88 | E35: =8+4+3+3 -> 18 | F35: =E35*D35*C35 -> 215.424
C36: =0.15*2+0.4*2 -> 1.1 | D36: 13.88 | E36: 2 | F36: =E36*D36*C36 -> 30.536
C37: =0.15*2+0.4*2 -> 1.1 | D37: 12.08 | E37: 2 | F37: =E37*D37*C37 -> 26.576
C38: =0.15*2+0.5*2 -> 1.3 | D38: 5.44 | E38: 4 | F38: =E38*D38*C38 -> 28.288
C39: =0.15*2+0.4*2 -> 1.1 | D39: =(10.88-5.44) -> 5.44 | E39: 4 | F39: =E39*D39*C39 -> 23.936
C40: =0.15*2+0.5*2 -> 1.3 | D40: 8.16 | E40: 2 | F40: =E40*D40*C40 -> 21.216
C41: =0.15*2+0.4*2 -> 1.1 | D41: =13.88-8.16 -> 5.72 | E41: 2 | F41: =E41*D41*C41 -> 12.584
F42: =SUM(F35:F41) -> 358.56
B44: concreto | C44: =0.15*0.4 -> 0.06 | D44: 10.88 | E44: =8+4+3+3 -> 18 | F44: =E44*D44*C44 -> 11.7504
C45: =0.15*0.4 -> 0.06 | D45: 13.88 | E45: 2 | F45: =E45*D45*C45 -> 1.6656
C46: =0.15*0.4 -> 0.06 | D46: 12.08 | E46: 2 | F46: =E46*D46*C46 -> 1.4496
C47: =0.15*0.5 -> 0.075 | D47: 5.44 | E47: 4 | F47: =E47*D47*C47 -> 1.632
C48: =0.15*0.4 -> 0.06 | D48: =(10.88-5.44) -> 5.44 | E48: 4 | F48: =E48*D48*C48 -> 1.3056
C49: =0.15*0.5 -> 0.075 | D49: 8.16 | E49: 2 | F49: =E49*D49*C49 -> 1.224
C50: =0.15*0.4 -> 0.06 | D50: =13.88-8.16 -> 5.72 | E50: 2 | F50: =E50*D50*C50 -> 0.6864
F51: =ROUND(SUM(F44:F50),2) -> 19.71

Sheet CPU
A1: PREFEITURA MUNICIPAL Secretaria de Obras e Serviços Urbanos
A4: OBRA POR EXECUÇÃO INDIRETA
A5: Setor requisitante: Secretaria Municipal de Obras e Serviços Urbanos
A6: ='Planilha orçamentária'!A6:B7 -> Objeto: | B6: Construção Condomínio H (1 bloco) | F6: BDI: | G6: ='Planilha orçamentária'!H6:H7 -> 0.28082487 | H6: =TODAY() -> 45075
A8: COMPOSIÇÃO DE CUSTOS
A9: ='Planilha orçamentária'!A142 -> 17 | B9: ='Planilha orçamentária'!D142 -> PLACA DE SINALIZAÇÃO DE EMERGÊNCIA
A10: Comp - 001 | B10: ='Planilha orçamentária'!D144 -> Placa fotoluminescente "S8" - 380 x 190 mm (saída rampa esquerda) | G10: UN | H10: =H15 -> 23.815
A11: Item | B11: Referência coeficiente | C11: Referência custo unitário | D11: Descrição do insumo / serviço | E11: Unidade | F11: Coeficiente | G11: Custo unitário (R$) | H11: Custo total (R$)
A13: 001.01 | B13: ED-50202 | C13: ED-50381 | D13: Pedreiro com encargos complementares | E13: H | F13: 0.5 | G13: 24.43 | H13: =F13*G13 -> 12.215
A14: 001.02 | B14: COTAÇÃO | C14: COTAÇÃO | D14: =COTAÇÃO!A10 -> Placa fotoluminescente "S8" - 380 x 190 mm (saída rampa esquerda) | E14: UN | F14: 1 | G14: =COTAÇÃO!H10 -> 11.6 | H14: =G14*F14 -> 11.6
A15: VALOR TOTAL: | H15: =SUM(H13:H14) -> 23.815
A16: Comp - 002 | B16: ='Planilha orçamentária'!D147 -> Placa complementar, tipo M1, dimensões 400x600mm | G16: UN | H16: =H21 -> 36.215
A17: Item | B17: Referência coeficiente | C17: Referência custo unitário | D17: Descrição do insumo / serviço | E17: Unidade | F17: Coeficiente | G17: Custo unitário (R$) | H17: Custo total (R$)
A19: 002.1 | B19: ED-50202 | C19: ED-50381 | D19: Pedreiro com encargos complementares | E19: H | F19: 0.5 | G19: 24.43 | H19: =F19*G19 -> 12.215
A20: 002.2 | B20: COTAÇÃO | C20: COTAÇÃO | D20: =COTAÇÃO!A17 -> Placa complementar, tipo M1, dimensões 400x600mm | E20: UN | F20: 1 | G20: =COTAÇÃO!H17 -> 24 | H20: =G20*F20 -> 24
A21: VALOR TOTAL: | H21: =SUM(H19:H20) -> 36.215
A22: ='Planilha orçamentária'!A149 -> 18 | B22: ='Planilha orçamentária'!D149 -> SPDA
A23: Comp - 003 | B23: ='Planilha orçamentária'!D159 -> Minicaptor em latão sextavado com conector e rosca soberba h=250 x dn 10mm | G23: UN | H23: =H29 -> 38.08
A24: Item | B24: Referência coeficiente | C24: Referência custo unitário | D24: Descrição do insumo / serviço | E24: Unidade | F24: Coeficiente | G24: Custo unitário (R$) | H24: Custo total (R$)
A26: 003.1 | B26: COTAÇÃO | C26: COTAÇÃO | D26: =COTAÇÃO!A24 -> Minicaptor em latão sextavado com conector e rosca soberba h=250 x dn 10mm | E26: UN | F26: 1 | G26: =COTAÇÃO!H24 -> 15.7 | H26: =F26*G26 -> 15.7
A27: 003.2 | B27: ED-50373 | C27: ED-50373 | D27: Eletricista com encargos complementares | E27: H | F27: 0.5 | G27: 24.74 | H27: =F27*G27 -> 12.37
A28: 003.3 | B28: ED-50362 | C28: ED-50362 | D28: Ajudante de eletricista com encargos complementares | E28: H | F28: 0.5 | G28: 20.02 | H28: =F28*G28 -> 10.01
A29: VALOR TOTAL: | H29: =SUM(H26:H28) -> 38.08
A30: Comp - 004 | B30: ='Planilha orçamentária'!D160 -> Conector mini-gar ref.: tel-583 | G30: UN | H30: =H36 -> 82.33
A31: Item | B31: Referência coeficiente | C31: Referência custo unitário | D31: Descrição do insumo / serviço | E31: Unidade | F31: Coeficiente | G31: Custo unitário (R$) | H31: Custo total (R$)
A33: 004.1 | B33: COTAÇÃO | C33: COTAÇÃO | D33: =COTAÇÃO!A31 -> Conector mini-gar ref.: tel-583 | E33: UN | F33: 1 | G33: =COTAÇÃO!H31 -> 37.57 | H33: =F33*G33 -> 37.57
A34: 004.2 | B34: ED-50373 | C34: ED-50373 | D34: Eletricista com encargos complementares | E34: H | F34: 1 | G34: 24.74 | H34: =F34*G34 -> 24.74
A35: 004.3 | B35: ED-50362 | C35: ED-50362 | D35: Ajudante de eletricista com encargos complementares | E35: H | F35: 1 | G35: 20.02 | H35: =F35*G35 -> 20.02
A36: VALOR TOTAL: | H36: =SUM(H33:H35) -> 82.33
A37: Comp - 005 | B37: ='Planilha orçamentária'!D161 -> Parafuso em aço inox 4,2x32mm ref.: tel-5333 | G37: UN | H37: =H43 -> 19.773424
A38: Item | B38: Referência coeficiente | C38: Referência custo unitário | D38: Descrição do insumo / serviço | E38: Unidade | F38: Coeficiente | G38: Custo unitário (R$) | H38: Custo total (R$)
A40: 005.1 | B40: COTAÇÃO | C40: COTAÇÃO | D40: =COTAÇÃO!A38 -> Parafuso em aço inox 4,2x32mm ref.: tel-5333 | E40: UN | F40: 1 | G40: =COTAÇÃO!H38 -> 0.29 | H40: =F40*G40 -> 0.29
A41: 005.2 | B41: ED-50373 | C41: ED-50373 | D41: Eletricista com encargos complementares | E41: H | F41: 0.0458 | G41: 24.74 | H41: =F41*G41 -> 1.133092
A42: 005.3 | B42: ED-50362 | C42: ED-50362 | D42: Ajudante de eletricista com encargos complementares | E42: H | F42: 0.9166 | G42: 20.02 | H42: =F42*G42 -> 18.350332
A43: VALOR TOTAL: | H43: =SUM(H40:H42) -> 19.773424
A44: Comp - 006 | B44: ='Planilha orçamentária'!D162 -> Bucha de nylon nº6 | G44: UN | H44: =H50 -> 20.003424
A45: Item | B45: Referência coeficiente | C45: Referência custo unitário | D45: Descrição do insumo / serviço | E45: Unidade | F45: Coeficiente | G45: Custo unitário (R$) | H45: Custo total (R$)
A47: 006.1 | B47: COTAÇÃO | C47: COTAÇÃO | D47: =COTAÇÃO!A45 -> Bucha de nylon nº6 | E47: UN | F47: 1 | G47: =COTAÇÃO!H45 -> 0.52 | H47: =F47*G47 -> 0.52
A48: 006.2 | B48: ED-50373 | C48: ED-50373 | D48: Eletricista com encargos complementares | E48: H | F48: 0.0458 | G48: 24.74 | H48: =F48*G48 -> 1.133092
A49: 006.3 | B49: ED-50362 | C49: ED-50362 | D49: Ajudante de eletricista com encargos complementares | E49: H | F49: 0.9166 | G49: 20.02 | H49: =F49*G49 -> 18.350332
A50: VALOR TOTAL: | H50: =SUM(H47:H49) -> 20.003424
A51: Comp - 007 | B51: ='Planilha orçamentária'!D163 -> Presilha para cabo de cobre 35mm² | G51: UN | H51: =H57 -> 20.443424
A52: Item | B52: Referência coeficiente | C52: Referência custo unitário | D52: Descrição do insumo / serviço | E52: Unidade | F52: Coeficiente | G52: Custo unitário (R$) | H52: Custo total (R$)
A54: 007.1 | B54: COTAÇÃO | C54: COTAÇÃO | D54: =COTAÇÃO!A52 -> Presilha para cabo de cobre 35mm² | E54: UN | F54: 1 | G54: =COTAÇÃO!H52 -> 0.96 | H54: =F54*G54 -> 0.96
A55: 007.2 | B55: ED-50373 | C55: ED-50373 | D55: Eletricista com encargos complementares | E55: H | F55: 0.0458 | G55: 24.74 | H55: =F55*G55 -> 1.133092
A56: 007.3 | B56: ED-50362 | C56: ED-50362 | D56: Ajudante de eletricista com encargos complementares | E56: H | F56: 0.9166 | G56: 20.02 | H56: =F56*G56 -> 18.350332
A57: VALOR TOTAL: | H57: =SUM(H54:H56) -> 20.443424
A58: Comp - 008 | B58: ='Planilha orçamentária'!D164 -> Fixador universal com parafuso autoperfurante sextavado para conexão de pilar metálico com estruturas metálicas do telhado. Tel-5024 | G58: UN | H58: =H64 -> 59.94
A59: Item | B59: Referência coeficiente | C59: Referência custo unitário | D59: Descrição do insumo / serviço | E59: Unidade | F59: Coeficiente | G59: Custo unitário (R$) | H59: Custo total (R$)
A61: 008.1 | B61: COTAÇÃO | C61: COTAÇÃO | D61: =COTAÇÃO!A59 -> Fixador universal com parafuso autoperfurante sextavado para conexão de pilar metálico com estruturas metálicas do telhado. Tel-5024 | E61: UN | F61: 1 | G61: =COTAÇÃO!H59 -> 15.18 | H61: =F61*G61 -> 15.18
A62: 008.2 | B62: ED-50373 | C62: ED-50373 | D62: Eletricista com encargos complementares | E62: H | F62: 1 | G62: 24.74 | H62: =F62*G62 -> 24.74
A63: 008.3 | B63: ED-50362 | C63: ED-50362 | D63: Ajudante de eletricista com encargos complementares | E63: H | F63: 1 | G63: 20.02 | H63: =F63*G63 -> 20.02
A64: VALOR TOTAL: | H64: =SUM(H61:H63) -> 59.94

Sheet COTAÇÃO
A1: PREFEITURA MUNICIPAL Secretaria de Obras e Serviços Urbanos
A4: OBRA POR EXECUÇÃO INDIRETA
A5: Setor requisitante: Secretaria Municipal de Obras e Serviços Urbanos
A6: Objeto: | B6: ='Planilha orçamentária'!C6 -> Construção Condomínio (112 apartamentos) | F6: ='Planilha orçamentária'!G6:G7 -> BDI: | G6: ='Planilha orçamentária'!H6:H7 -> 0.28082487 | H6: ='Planilha orçamentária'!I6:I7 -> 45075
A8: COTAÇÕES
A9: Descrição de serviço ou fornecimento | G9: Unidade | H9: Custo unitário mínimo
A10: ='Planilha orçamentária'!D144 -> Placa fotoluminescente "S8" - 380 x 190 mm (saída rampa esquerda) | G10: UN | H10: =MIN(H12:H14) -> 11.6
A11: CNPJ | B11: Nome da empresa fornecedora | E11: Telefone | F11: Contato | G11: Data da cotação | H11: Preço cotado (R$)
A12: 22.627.343/0001-13 | B12: Cotta Materiais | E12: (31)98489-8025 | F12: Vanilce | G12: 44853 | H12: 15
A13: 03.598.050/0001-00 | B13: Ponto do Incêndio | E13: (31)99382-0093 | F13: Rômulo | G13: 44853 | H13: 11.6
A14: 05.158.735/0001-61 | B14: Silva Extintores | E14: (31) 3851-3888 | F14: Arthur | G14: 44853 | H14: 12.25
A15: Observações:
A16: Descrição de serviço ou fornecimento | G16: Unidade | H16: Custo unitário mínimo
A17: ='Planilha orçamentária'!D147 -> Placa complementar, tipo M1, dimensões 400x600mm | G17: UN | H17: =MIN(H19:H21) -> 24
A18: CNPJ | B18: Nome da empresa fornecedora | E18: Telefone | F18: Contato | G18: Data da cotação | H18: Preço cotado (R$)
A19: 22.627.343/0001-13 | B19: Cotta Materiais | E19: (31)98489-8025 | F19: Vanilce | G19: 44853 | H19: 50
A20: 03.598.050/0001-00 | B20: Ponto do Incêndio | E20: (31)99382-0093 | F20: Rômulo | G20: 44853 | H20: 43.16
A21: 05.158.735/0001-61 | B21: Silva Extintores | E21: (31) 3851-3888 | F21: Arthur | G21: 44853 | H21: 24
A22: Observações:
A23: Descrição de serviço ou fornecimento | G23: Unidade | H23: Custo unitário mínimo
A24: ='Planilha orçamentária'!D159 -> Minicaptor em latão sextavado com conector e rosca soberba h=250 x dn 10mm | G24: UN | H24: =MIN(H26:H28) -> 15.7
A25: CNPJ | B25: Nome da empresa fornecedora | E25: Telefone | F25: Contato | G25: Data da cotação | H25: Preço cotado (R$)
A26: 17.155.342/0010-74 | B26: Loja elétrica | E26: (31) 3218-8000 | F26: Hygor Martins | G26: 44479 | H26: 15.7
A27: 18.224.881/0001-90 | B27: Termotécnica | E27: (31) 3308-7000 | F27: Luciana Bastos | G27: 44479 | H27: 18.26
A28: 82.699.588/0001-88 | B28: Zeus do Brasil | E28: (47) 3331-3500 | F28: - | G28: 44479
A29: Observações:
A30: Descrição de serviço ou fornecimento | G30: Unidade | H30: Custo unitário mínimo
A31: ='Planilha orçamentária'!D160 -> Conector mini-gar ref.: tel-583 | G31: UN | H31: =MIN(H33:H35) -> 37.57
A32: CNPJ | B32: Nome da empresa fornecedora | E32: Telefone | F32: Contato | G32: Data da cotação | H32: Preço cotado (R$)
A33: 17.155.342/0010-74 | B33: Loja elétrica | E33: (31) 3218-8000 | F33: Hygor Martins | G33: 44479 | H33: 61.62
A34: 18.224.881/0001-90 | B34: Termotécnica | E34: (31) 3308-7000 | F34: Luciana Bastos | G34: 44479 | H34: 37.57
A35: 82.699.588/0001-88 | B35: Zeus do Brasil | E35: (47) 3331-3500 | F35: - | G35: 44479
A36: Observações:
A37: Descrição de serviço ou fornecimento | G37: Unidade | H37: Custo unitário mínimo
A38: ='Planilha orçamentária'!D161 -> Parafuso em aço inox 4,2x32mm ref.: tel-5333 | G38: UN | H38: =MIN(H40:H42) -> 0.29
A39: CNPJ | B39: Nome da empresa fornecedora | E39: Telefone | F39: Contato | G39: Data da cotação | H39: Preço cotado (R$)
A40: 17.155.342/0010-74 | B40: Loja elétrica | E40: (31) 3218-8000 | F40: Hygor Martins | G40: 44479 | H40: 0.29
A41: 18.224.881/0001-90 | B41: Termotécnica | E41: (31) 3308-7000 | F41: Luciana Bastos | G41: 44479 | H41: 0.68
A42: 82.699.588/0001-88 | B42: Zeus do Brasil | E42: (47) 3331-3500 | F42: - | G42: 44479
A43: Observações:
A44: Descrição de serviço ou fornecimento | G44: Unidade | H44: Custo unitário mínimo
A45: ='Planilha orçamentária'!D162 -> Bucha de nylon nº6 | G45: UN | H45: =MIN(H47:H49) -> 0.52
A46: CNPJ | B46: Nome da empresa fornecedora | E46: Telefone | F46: Contato | G46: Data da cotação | H46: Preço cotado (R$)
A47: 17.155.342/0010-74 | B47: Loja elétrica | E47: (31) 3218-8000 | F47: Hygor Martins | G47: 44479 | H47: 0.52
A48: 18.224.881/0001-90 | B48: Termotécnica | E48: (31) 3308-7000 | F48: Luciana Bastos | G48: 44479
A49: 82.699.588/0001-88 | B49: Zeus do Brasil | E49: (47) 3331-3500 | F49: - | G49: 44479
A50: Observações:
A51: Descrição de serviço ou fornecimento | G51: Unidade | H51: Custo unitário mínimo
A52: ='Planilha orçamentária'!D163 -> Presilha para cabo de cobre 35mm² | G52: UN | H52: =MIN(H54:H56) -> 0.96
A53: CNPJ | B53: Nome da empresa fornecedora | E53: Telefone | F53: Contato | G53: Data da cotação | H53: Preço cotado (R$)
A54: 17.155.342/0010-74 | B54: Loja elétrica | E54: (31) 3218-8000 | F54: Hygor Martins | G54: 44479 | H54: 2.31
A55: 18.224.881/0001-90 | B55: Termotécnica | E55: (31) 3308-7000 | F55: Luciana Bastos | G55: 44479 | H55: 0.96
A56: 82.699.588/0001-88 | B56: Zeus do Brasil | E56: (47) 3331-3500 | F56: - | G56: 44479
A57: Observações:
A58: Descrição de serviço ou fornecimento | G58: Unidade | H58: Custo unitário mínimo
A59: ='Planilha orçamentária'!D164 -> Fixador universal com parafuso autoperfurante sextavado para conexão de pilar metálico com estruturas metálicas do telhado. Tel-5024 | G59: UN | H59: =MIN(H61:H63) -> 15.18
A60: CNPJ | B60: Nome da empresa fornecedora | E60: Telefone | F60: Contato | G60: Data da cotação | H60: Preço cotado (R$)
A61: 17.155.342/0010-74 | B61: Loja elétrica | E61: (31) 3218-8000 | F61: Hygor Martins | G61: 44479 | H61: 20.79
A62: 18.224.881/0001-90 | B62: Termotécnica | E62: (31) 3308-7000 | F62: Luciana Bastos | G62: 44479 | H62: 15.18
A63: 82.699.588/0001-88 | B63: Zeus do Brasil | E63: (47) 3331-3500 | F63: - | G63: 44479
A64: Observações:

Sheet BDI
A1: PREFEITURA MUNICIPAL Secretaria de Obras e Serviços Urbanos
A4: ='[4]PLANILHA ORÇAMENTÁRIA'!A4 -> OBRA POR EXECUÇÃO INDIRETA
A5: ='[4]PLANILHA ORÇAMENTÁRIA'!A5 -> Setor requisitante: Secretaria Municipal de Obras e Serviços Urbanos
A6: ='Planilha orçamentária'!A6:B7 -> Objeto: | B6: ='Planilha orçamentária'!C6 -> Construção Condomínio (112 apartamentos) | J6: ='Planilha orçamentária'!I6:I7 -> 45075
A7: BDI
A9: Conforme legislação tributária municipal, definir estimativa de percentual da base de cálculo para o ISS: | I9: 0.9
A10: Sobre a base de cálculo, definir a respectiva alíquota do ISS (entre 2% e 5%): | I10: 0.05
A12: BDI 1
A14: TIPO DE OBRA
A15: Contrução de Edifício
A17: Itens | I17: Siglas | J17: % Adotado
A18: =IF($J$20=$A$167,"Encargos Sociais incidentes sobre a mão de obra","Administração Central") -> Administração Central | I18: AC | J18: 0.03
A19: =IF($J$20=$A$167,"Administração Central da empresa ou consultoria - overhead","Seguro e Garantia") -> Seguro e Garantia | I19: SG | J19: 0.008
A20: =IF($J$20=$A$167,"","Risco") -> Risco | I20: R | J20: 0.0097
A21: =IF($J$20=$A$167,"","Despesas Financeiras") -> Despesas Financeiras | I21: DF | J21: 0.0059
A22: =IF($J$20=$A$167,"Margem bruta da empresa de consultoria","Lucro") -> Lucro | I22: L | J22: 0.0616
A23: Tributos (impostos COFINS 3%, e PIS 0,65%) | I23: CP | J23: 0.0365
A24: Tributos (ISS, variável de acordo com o município) | I24: ISS | J24: =I10*I9 -> 0.045
A25: Tributos (Contribuição Previdenciária sobre a Receita Bruta - 0% ou 4,5% - Desoneração) | I25: CPRB | J25: 0.045
A26: BDI SEM desoneração (Fórmula Acórdão TCU) | I26: BDI PAD | J26: =(((1+J18+J19+J20)*(1+J21)*(1+J22))/(1-(J23+J24)))-1 -> 0.21807352
A27: BDI COM desoneração | I27: BDI DES | J27: =(((1+(J18+J19+J20))*(1+J21)*(1+J22))/(1-(J23+J24+J25)))-1 -> 0.28082487
A29: Os valores de BDI foram calculados com o emprego da fórmula: | L29: =(1+J18+J19+J20)*(1+J21)*(1+J22) -> 1.1188005 | M29: =(L29/L30)-1 -> 0.28082487
L30: =(1-J23-J24-J25) -> 0.8735
A34: =CONCATENATE("Declaro para os devidos fins que, conforme legislação tributária municipal, a base de cálculo deste tipo de obra corresponde à ",$I$9*100,"%, com a respectiva alíquota de ",$I$10*100,"%.") -> Declaro para os devidos fins que, conforme legislação tributária municipal, a base de cálculo deste tipo de obra corresponde à 90%, com a respectiva alíquota de 5%.
A38: ="Declaro para os devidos fins que o regime de Contribuição Previdenciária sobre a Receita Bruta adotado para elaboração do orçamento foi COM Desoneração, e que esta é a alternativa mais adequada para a Administração Pública." -> Declaro para os devidos fins que o regime de Contribuição Previdenciária sobre a Receita Bruta adotado para elaboração do orçamento foi COM Desoneração, e que esta é a alternativa mais adequada para a Administração Pública.
A42: Observações:
A64: Contrução e Reforma de Edifícios

Sheet Cronograma
A1: PREFEITURA MUNICIPAL DE NOVA ERA Secretaria de Obras e Serviços Urbanos
A4: OBRA POR EXECUÇÃO INDIRETA
A5: Objeto: | B5: ='Planilha orçamentária'!C6 -> Construção Condomínio (112 apartamentos) | M5: ='Planilha orçamentária'!G6 -> BDI: | N5: ='Planilha orçamentária'!H6 -> 0.28082487 | O5: ='Planilha orçamentária'!I6 -> 45075
A7: CRONOGRAMA FÍSICO / FINANCEIRO
A8: ITEM | B8: ETAPAS/ DESCRIÇÃO | C8: FÍSICO/ FINANCEIRO | D8: TOTAL ETAPAS | E8: MÊS 1 | F8: MÊS 2 | G8: MÊS 3 | H8: MÊS 4 | I8: MÊS 5 | J8: MÊS 6 | K8: MÊS 7 | L8: MÊS 8 | M8: MÊS 9 | N8: MÊS 10 | O8: MÊS 11 | P8: MÊS 12
A9: 1 | B9: ='Planilha orçamentária'!D10 -> MOBILIZAÇÃO E DESMOBILIZAÇÃO | C9: Físico % | D9: =D10/D52 -> 0.0016632918 | E9: 0.5 | N9: 0.5 | Q9: =SUM(E9:O9) -> 1
C10: Financeiro | D10: ='Planilha orçamentária'!I12 -> 21890.481 | E10: =E9*D10 -> 10945.24 | F10: =F9*D10 -> 0 | G10: =G9*D10 -> 0 | H10: =H9*D10 -> 0 | I10: =I9*D10 -> 0 | J10: =J9*D10 -> 0 | K10: =K9*D10 -> 0 | L10: =L9*D10 -> 0 | M10: =M9*D10 -> 0 | N10: =N9*D10 -> 10945.24 | Q10: =SUM(E10:O10) -> 21890.481
A11: 2 | B11: ADMINISTRAÇÃO LOCAL | C11: Físico % | D11: =D12/D52 -> 0.024138091 | E11: =1/10 -> 0.1 | F11: =1/10 -> 0.1 | G11: =1/10 -> 0.1 | H11: =1/10 -> 0.1 | I11: =1/10 -> 0.1 | J11: =1/10 -> 0.1 | K11: =1/10 -> 0.1 | L11: =1/10 -> 0.1 | ... N11: =1/10 -> 0.1 | Q11: =SUM(E11:O11) -> 1
C12: Financeiro | D12: ='Planilha orçamentária'!I16 -> 317679.92 | E12: =E11*D12 -> 31767.992 | F12: =F11*D12 -> 31767.992 | G12: =G11*D12 -> 31767.992 | H12: =H11*D12 -> 31767.992 | I12: =I11*D12 -> 31767.992 | J12: =J11*D12 -> 31767.992 | K12: =K11*D12 -> 31767.992 | L12: =L11*D12 -> 31767.992 | M12: =M11*D12 -> 31767.992 | N12: =N11*D12 -> 31767.992 | Q12: =SUM(E12:O12) -> 317679.92
A13: 3 | B13: ='Planilha orçamentária'!D17 -> SERVIÇOS PRELIMINARES | C13: Físico % | D13: =D14/D52 -> 0.0030387127 | E13: 1 | Q13: =SUM(E13:O13) -> 1
C14: Financeiro | D14: ='Planilha orçamentária'!I23 -> 39992.309 | E14: =E13*D14 -> 39992.309 | F14: =F13*D14 -> 0 | G14: =G13*D14 -> 0 | H14: =H13*D14 -> 0 | I14: =I13*D14 -> 0 | J14: =J13*D14 -> 0 | K14: =K13*D14 -> 0 | L14: =L13*D14 -> 0 | M14: =M13*D14 -> 0 | N14: =N13*D14 -> 0 | Q14: =SUM(E14:O14) -> 39992.309
A15: 4 | B15: LOCAÇÃO DE OBRA | C15: Físico % | D15: =D16/D52 -> 0.0024303251 | E15: 1 | Q15: =SUM(E15:O15) -> 1
C16: Financeiro | D16: ='Planilha orçamentária'!I26 -> 31985.358 | E16: =E15*D16 -> 31985.358 | F16: =F15*D16 -> 0 | G16: =G15*D16 -> 0 | H16: =H15*D16 -> 0 | I16: =I15*D16 -> 0 | J16: =J15*D16 -> 0 | K16: =K15*D16 -> 0 | L16: =L15*D16 -> 0 | M16: =M15*D16 -> 0 | N16: =N15*D16 -> 0 | Q16: =SUM(E16:O16) -> 31985.358
A17: 5 | B17: ='Planilha orçamentária'!D27 -> MOVIMENTAÇÃO DE TERRA | C17: Físico % | D17: =D18/D52 -> 0.00074933152 | E17: 1 | Q17: =SUM(E17:O17) -> 1
C18: Financeiro | D18: ='Planilha orçamentária'!I28 -> 9861.9057 | E18: =E17*D18 -> 9861.9057 | F18: =F17*D18 -> 0 | G18: =G17*D18 -> 0 | H18: =H17*D18 -> 0 | I18: =I17*D18 -> 0 | J18: =J17*D18 -> 0 | K18: =K17*D18 -> 0 | L18: =L17*D18 -> 0 | M18: =M17*D18 -> 0 | N18: =N17*D18 -> 0 | Q18: =SUM(E18:O18) -> 9861.9057
A19: 6 | B19: ='Planilha orçamentária'!D30 -> INFRAESTRUTURA E SUPERESTRUTURA | C19: Físico % | D19: =D20/D52 -> 0.29723346 | E19: 0.1 | F19: 0.2 | G19: 0.2 | H19: 0.2 | I19: 0.2 | J19: 0.1 | Q19: =SUM(E19:O19) -> 1
C20: Financeiro | D20: ='Planilha orçamentária'!I42 -> 3911871.2 | E20: =E19*D20 -> 391187.12 | F20: =F19*D20 -> 782374.23 | G20: =G19*D20 -> 782374.23 | H20: =H19*D20 -> 782374.23 | I20: =I19*D20 -> 782374.23 | J20: =J19*D20 -> 391187.12 | K20: =K19*D20 -> 0 | L20: =L19*D20 -> 0 | M20: =M19*D20 -> 0 | N20: =N19*D20 -> 0 | Q20: =SUM(E20:O20) -> 3911871.2
A21: 7 | B21: ='Planilha orçamentária'!D43 -> ALVENARIA E DIVISÓRIAS | C21: Físico % | D21: =D22/D52 -> 0.063156794 | E21: 0.1 | F21: 0.2 | G21: 0.2 | H21: 0.2 | I21: 0.2 | J21: 0.1 | Q21: =SUM(E21:O21) -> 1
C22: Financeiro | D22: ='Planilha orçamentária'!I46 -> 831202.65 | E22: =E21*D22 -> 83120.265 | F22: =F21*D22 -> 166240.53 | G22: =G21*D22 -> 166240.53 | H22: =H21*D22 -> 166240.53 | I22: =I21*D22 -> 166240.53 | J22: =J21*D22 -> 83120.265 | K22: =K21*D22 -> 0 | L22: =L21*D22 -> 0 | M22: =M21*D22 -> 0 | N22: =N21*D22 -> 0 | Q22: =SUM(E22:O22) -> 831202.65
A23: 8 | B23: ='Planilha orçamentária'!D47 -> PISO E REVESTIMENTO | C23: Físico % | D23: =D24/D52 -> 0.18963791 | J23: 0.2 | K23: 0.2 | L23: 0.2 | M23: 0.3 | N23: 0.1 | Q23: =SUM(E23:O23) -> 1
C24: Financeiro | D24: ='Planilha orçamentária'!I60 -> 2495812.8 | E24: =E23*D24 -> 0 | F24: =F23*D24 -> 0 | G24: =G23*D24 -> 0 | H24: =H23*D24 -> 0 | I24: =I23*D24 -> 0 | J24: =J23*D24 -> 499162.56 | K24: =K23*D24 -> 499162.56 | L24: =L23*D24 -> 499162.56 | M24: =M23*D24 -> 748743.84 | N24: =N23*D24 -> 249581.28 | Q24: =SUM(E24:O24) -> 2495812.8
A25: 9 | B25: ='Planilha orçamentária'!D61 -> BANCADAS | C25: Físico % | D25: =D26/D52 -> 0.0073600216 | M25: 0.5 | N25: 0.5 | Q25: =SUM(E25:O25) -> 1
C26: Financeiro | D26: ='Planilha orçamentária'!I65 -> 96864.789 | E26: =E25*D26 -> 0 | F26: =F25*D26 -> 0 | G26: =G25*D26 -> 0 | H26: =H25*D26 -> 0 | I26: =I25*D26 -> 0 | J26: =J25*D26 -> 0 | K26: =K25*D26 -> 0 | L26: =L25*D26 -> 0 | M26: =M25*D26 -> 48432.394 | N26: =N25*D26 -> 48432.394 | Q26: =SUM(E26:O26) -> 96864.789
A27: 10 | B27: ='Planilha orçamentária'!D66 -> LOUÇAS E METAIS | C27: Físico % | D27: =D28/D52 -> 0.031060555 | M27: 0.2 | N27: 0.8 | Q27: =SUM(E27:O27) -> 1
C28: Financeiro | D28: ='Planilha orçamentária'!I82 -> 408786.04 | E28: =E27*D28 -> 0 | F28: =F27*D28 -> 0 | G28: =G27*D28 -> 0 | H28: =H27*D28 -> 0 | I28: =I27*D28 -> 0 | J28: =J27*D28 -> 0 | K28: =K27*D28 -> 0 | L28: =L27*D28 -> 0 | M28: =M27*D28 -> 81757.209 | N28: =N27*D28 -> 327028.83 | Q28: =SUM(E28:O28) -> 408786.04
A29: 11 | B29: ='Planilha orçamentária'!D83 -> ESQUADRIAS | C29: Físico % | D29: =D30/D52 -> 0.096129946 | L29: 0.4 | M29: 0.3 | N29: 0.3 | Q29: =SUM(E29:O29) -> 1
C30: Financeiro | D30: ='Planilha orçamentária'!I90 -> 1265160.3 | E30: =E29*D30 -> 0 | F30: =F29*D30 -> 0 | G30: =G29*D30 -> 0 | H30: =H29*D30 -> 0 | I30: =I29*D30 -> 0 | J30: =J29*D30 -> 0 | K30: =K29*D30 -> 0 | L30: =L29*D30 -> 506064.11 | M30: =M29*D30 -> 379548.08 | N30: =N29*D30 -> 379548.08 | Q30: =SUM(E30:O30) -> 1265160.3
A31: 12 | B31: ='Planilha orçamentária'!D91 -> PINTURA | C31: Físico % | D31: =D32/D52 -> 0.062155955 | M31: 0.6 | N31: 0.4 | Q31: =SUM(E31:O31) -> 1
C32: Financeiro | D32: ='Planilha orçamentária'!I97 -> 818030.67 | E32: =E31*D32 -> 0 | F32: =F31*D32 -> 0 | G32: =G31*D32 -> 0 | H32: =H31*D32 -> 0 | I32: =I31*D32 -> 0 | J32: =J31*D32 -> 0 | K32: =K31*D32 -> 0 | L32: =L31*D32 -> 0 | M32: =M31*D32 -> 490818.4 | N32: =N31*D32 -> 327212.27 | Q32: =SUM(E32:O32) -> 818030.67
A33: 13 | B33: ='Planilha orçamentária'!D98 -> INSTALAÇÕES HIDROSANITÁRIAS | C33: Físico % | D33: =D34/D52 -> 0.05947194 | G33: 0.3 | H33: 0.3 | I33: 0.2 | J33: 0.2 | Q33: =SUM(E33:O33) -> 1
C34: Financeiro | D34: ='Planilha orçamentária'!I112 -> 782706.52 | E34: =E33*D34 -> 0 | F34: =F33*D34 -> 0 | G34: =G33*D34 -> 234811.96 | H34: =H33*D34 -> 234811.96 | I34: =I33*D34 -> 156541.3 | J34: =J33*D34 -> 156541.3 | K34: =K33*D34 -> 0 | L34: =L33*D34 -> 0 | M34: =M33*D34 -> 0 | N34: =N33*D34 -> 0 | Q34: =SUM(E34:O34) -> 782706.52
A35: 14 | B35: ='Planilha orçamentária'!D113 -> INSTALAÇÕES ELÉTRICAS | C35: Físico % | D35: =D36/D52 -> 0.089784867 | I35: 0.2 | L35: 0.3 | M35: 0.3 | N35: 0.2 | Q35: =SUM(E35:O35) -> 1
C36: Financeiro | D36: ='Planilha orçamentária'!I135 -> 1181653.1 | E36: =E35*D36 -> 0 | F36: =F35*D36 -> 0 | G36: =G35*D36 -> 0 | H36: =H35*D36 -> 0 | I36: =I35*D36 -> 236330.61 | J36: =J35*D36 -> 0 | K36: =K35*D36 -> 0 | L36: =L35*D36 -> 354495.92 | M36: =M35*D36 -> 354495.92 | N36: =N35*D36 -> 236330.61 | Q36: =SUM(E36:O36) -> 1181653.1
A37: 15 | B37: ='Planilha orçamentária'!D136 -> INSTALAÇÕES DE COMBATE A INCÊNDIO E PÂNICO | C37: Físico % | D37: =D38/D52 -> 0.00057889158 | N37: 1 | Q37: =SUM(E37:O37) -> 1
C38: Financeiro | D38: ='Planilha orçamentária'!I138 -> 7618.7562 | E38: =E37*D38 -> 0 | F38: =F37*D38 -> 0 | G38: =G37*D38 -> 0 | H38: =H37*D38 -> 0 | I38: =I37*D38 -> 0 | J38: =J37*D38 -> 0 | K38: =K37*D38 -> 0 | L38: =L37*D38 -> 0 | M38: =M37*D38 -> 0 | N38: =N37*D38 -> 7618.7562 | Q38: =SUM(E38:O38) -> 7618.7562
A39: 16 | B39: ='Planilha orçamentária'!D139 -> ILUMINAÇÃO DE EMERGÊNCIA | C39: Físico % | D39: =D40/D52 -> 0.000272769 | N39: 1 | Q39: =SUM(E39:O39) -> 1
C40: Financeiro | D40: ='Planilha orçamentária'!I141 -> 3589.896 | E40: =E39*D40 -> 0 | F40: =F39*D40 -> 0 | G40: =G39*D40 -> 0 | H40: =H39*D40 -> 0 | I40: =I39*D40 -> 0 | J40: =J39*D40 -> 0 | K40: =K39*D40 -> 0 | L40: =L39*D40 -> 0 | M40: =M39*D40 -> 0 | N40: =N39*D40 -> 3589.896 | Q40: =SUM(E40:O40) -> 3589.896
A41: 17 | B41: ='Planilha orçamentária'!D142 -> PLACA DE SINALIZAÇÃO DE EMERGÊNCIA | C41: Físico % | D41: =D42/D52 -> 0.00014553357 | N41: 1 | Q41: =SUM(E41:O41) -> 1
C42: Financeiro | D42: ='Planilha orçamentária'!I148 -> 1915.3583 | E42: =E41*D42 -> 0 | F42: =F41*D42 -> 0 | G42: =G41*D42 -> 0 | H42: =H41*D42 -> 0 | I42: =I41*D42 -> 0 | J42: =J41*D42 -> 0 | K42: =K41*D42 -> 0 | L42: =L41*D42 -> 0 | M42: =M41*D42 -> 0 | N42: =N41*D42 -> 1915.3583 | Q42: =SUM(E42:O42) -> 1915.3583
A43: 18 | B43: ='Planilha orçamentária'!D149 -> SPDA | C43: Físico % | D43: =D44/D52 -> 0.026281031 | E43: 0.4 | K43: 0.2 | L43: 0.2 | M43: 0.2 | Q43: =SUM(E43:O43) -> 1
C44: Financeiro | D44: ='Planilha orçamentária'!I165 -> 345883.02 | E44: =E43*D44 -> 138353.21 | F44: =F43*D44 -> 0 | G44: =G43*D44 -> 0 | H44: =H43*D44 -> 0 | I44: =I43*D44 -> 0 | J44: =J43*D44 -> 0 | K44: =K43*D44 -> 69176.604 | L44: =L43*D44 -> 69176.604 | M44: =M43*D44 -> 69176.604 | N44: =N43*D44 -> 0 | Q44: =SUM(E44:O44) -> 345883.02
A45: 19 | B45: ='Planilha orçamentária'!D166 -> COMUNICAÇÃO/ INTERFONE | C45: Físico % | D45: =D46/D52 -> 0.0051857175 | L45: 0.2 | M45: 0.4 | N45: 0.4 | Q45: =SUM(E45:O45) -> 1
C46: Financeiro | D46: ='Planilha orçamentária'!I174 -> 68248.907 | E46: =E45*D46 -> 0 | F46: =F45*D46 -> 0 | G46: =G45*D46 -> 0 | H46: =H45*D46 -> 0 | I46: =I45*D46 -> 0 | J46: =J45*D46 -> 0 | K46: =K45*D46 -> 0 | L46: =L45*D46 -> 13649.781 | M46: =M45*D46 -> 27299.563 | N46: =N45*D46 -> 27299.563 | Q46: =SUM(E46:O46) -> 68248.907
A47: 20 | B47: ='Planilha orçamentária'!D175 -> COBERTURA | C47: Físico % | D47: =D48/D52 -> 0.030195334 | K47: 0.5 | L47: 0.5 | Q47: =SUM(E47:O47) -> 1
C48: Financeiro | D48: ='Planilha orçamentária'!I181 -> 397398.93 | E48: =E47*D48 -> 0 | F48: =F47*D48 -> 0 | G48: =G47*D48 -> 0 | H48: =H47*D48 -> 0 | I48: =I47*D48 -> 0 | J48: =J47*D48 -> 0 | K48: =K47*D48 -> 198699.46 | L48: =L47*D48 -> 198699.46 | M48: =M47*D48 -> 0 | N48: =N47*D48 -> 0 | Q48: =SUM(E48:O48) -> 397398.93
A49: 21 | B49: ='Planilha orçamentária'!D182 -> SERVIÇOS DIVERSOS | C49: Físico % | D49: =D50/D52 -> 0.0093295222 | M49: 0.4 | N49: 0.6 | Q49: =SUM(E49:O49) -> 1
C50: Financeiro | D50: ='Planilha orçamentária'!I185 -> 122785.26 | E50: =E49*D50 -> 0 | F50: =F49*D50 -> 0 | G50: =G49*D50 -> 0 | H50: =H49*D50 -> 0 | I50: =I49*D50 -> 0 | J50: =J49*D50 -> 0 | K50: =K49*D50 -> 0 | L50: =L49*D50 -> 0 | M50: =M49*D50 -> 49114.106 | N50: =N49*D50 -> 73671.159 | Q50: =SUM(E50:O50) -> 122785.26
A51: TOTAL | C51: Físico % | D51: =D49+D47+D45+D43+D41+D39+D37+D35+D33+D31+D29+D27+D25+D23+D21+D19+D17+D15+D13+D11+D9 -> 1 | E51: =E52/D52 -> 0.056015262 | F51: =F52/D52 -> 0.07449186 | G51: =G52/D52 -> 0.092333442 | H51: =H52/D52 -> 0.092333442 | I51: =I52/D52 -> 0.10434322 | J51: =J52/D52 -> 0.088274804 | K51: =K52/D52 -> 0.060695264 | L51: =L52/D52 -> 0.12711985 | M51: =M52/D52 -> 0.17332762 | N51: =N52/D52 -> 0.13106523 | Q51: =SUM(E51:O51) -> 1
C52: Financeiro | D52: =D10+D12+D16+D18+D20+D22+D24+D26+D28+D30+D32+D34+D36+D38+D40+D14+D42+D44+D46+D48+D50 -> 13160938 | E52: =E10+E12+E16+E18+E20+E22+E24+E26+E28+E30+E32+E34+E36+E38+E40+E14+E42+E44+E46+E48+E50 -> 737213.39 | F52: =F10+F12+F16+F18+F20+F22+F24+F26+F28+F30+F32+F34+F36+F38+F40+F14+F42+F44+F46+F48+F50 -> 980382.75 | G52: =G10+G12+G16+G18+G20+G22+G24+G26+G28+G30+G32+G34+G36+G38+G40+G14+G42+G44+G46+G48+G50 -> 1215194.7 | H52: =H10+H12+H16+H18+H20+H22+H24+H26+H28+H30+H32+H34+H36+H38+H40+H14+H42+H44+H46+H48+H50 -> 1215194.7 | I52: =I10+I12+I16+I18+I20+I22+I24+I26+I28+I30+I32+I34+I36+I38+I40+I14+I42+I44+I46+I48+I50 -> 1373254.7 | J52: =J10+J12+J16+J18+J20+J22+J24+J26+J28+J30+J32+J34+J36+J38+J40+J14+J42+J44+J46+J48+J50 -> 1161779.2 | K52: =K10+K12+K16+K18+K20+K22+K24+K26+K28+K30+K32+K34+K36+K38+K40+K14+K42+K44+K46+K48+K50 -> 798806.62 | ... N52: =N10+N12+N16+N18+N20+N22+N24+N26+N28+N30+N32+N34+N36+N38+N40+N14+N42+N44+N46+N48+N50 -> 1724941.4 | Q52: =SUM(E52:N52) -> 13160938
